 Dungeon Crawl Stone Soup version 0.31.0-4-g52a2dc7128 (webtiles) character file.

Game seed: 5768516620477932551

958930 MackTheKnife the Slayer (level 27, -15/271 HPs)
             Began as a Minotaur Fighter on Jan 20, 2024.
             Was a High Priest of Makhleb.
             Killed from afar by a hellion (27 damage)
             ... with damnation
             ... summoned by Asmodeus
             ... on level 7 of Gehenna on Jan 21, 2024.
             The game lasted 02:23:06 (67294 turns).

MackTheKnife the Slayer (Minotaur Fighter)         Turns: 67294, Time: 02:23:06

Health: -15/271    AC: 56    Str: 36    XL:     27
Magic:  36/36      EV: 27    Int: 13    God:    Makhleb [*****.]
Gold:   7136       SH: 27    Dex: 22    Spells: 26/26 levels left

rFire   + + +        w - +6 broad axe of Destiny {freeze, Str+5 SInv Stlth+, axe}
rCold   + . .        y - +5 kite shield {rC+ rF+}
rNeg    + + +        O - +12 crystal plate armour of Absence {Dex+3, rare=g}
rPois   ∞            Y - +2 hat {Int+3}
rElec   +            K - +1 cloak "Daic" {^Contam Fly rCorr Int+3}
rCorr   +            F - +2 pair of gloves {Str+3}
SInv    +            I - +2 pair of boots {rampage}
Will    ++++.        u - amulet "Xaetueli" {Reflect rN+ SH+5} Stlth
                     f - ring "Xyqusm" {Fire rElec Dex+4, =R}
HPRegen 0.65/turn    p - ring of Patua {rF++ rN+ EV+5}
MPRegen 0.25/turn

%: reflection, rampage
@: mighty, death-form, flying, studying Necromancy, unable to read
A: vile attack, torment immunity, no potions, horns 2, retaliatory headbutt,
talons 1, strong-willed 1, sense surroundings 1, sturdy frame 1
}: 10/15 runes: decaying, slimy, silver, abyssal, demonic, glowing, magical,
fiery, dark, gossamer
a: Siphon Essence, Begin Untransformation, Renounce Religion, Minor Destruction,
Lesser Servant of Makhleb, Major Destruction, Greater Servant of Makhleb


You were on level 7 of Gehenna.
You worshipped Makhleb.
Makhleb was extremely pleased with you.
You were an undying horror.
You visited 14 branches of the dungeon, and saw 64 of its levels.
You visited Pandemonium 5 times, and saw 35 of its levels.
You visited the Abyss 3 times.
You visited 1 bazaar.
You also visited: Bailey, Gauntlet, Wizlab and Desolation.

You collected 10954 gold pieces.
You spent 3818 gold pieces at shops.


Innate Abilities, Weirdness & Mutations

You are an undying horror.
Your melee and unarmed attacks drain, slow and weaken victims.
You are immune to unholy pain and torment.
You cannot drink.
You are immune to poison.
You have a pair of horns on your head.
You reflexively headbutt those who attack you in melee.
You have sharp toenails.
You are strong-willed. (Will+)
You passively map a small area around you.
Your movements are slightly less encumbered by armour. (ER -2)


   Skills:
 - Level 26.9 Fighting
 - Level 25.0 Axes
 - Level 26.4 Armour
 - Level 20.0 Dodging
 - Level 20.0 Shields
 + Level 20.8 Invocations
 - Level 4.0 Evocations
 - Level 23.0 Shapeshifting


You had 26 spell levels left.
You didn't know any spells.
Your spell library contained the following spells:

 Spells                   Type           Power      Damage    Failure   Level
 Apportation              Tloc           0%         N/A       77%         1
 Foxfire                  Conj/Fire      0%         2x1d4     77%         1
 Freeze                   Ice            0%         1d3       77%         1
 Kiss of Death            Conj/Necr      0%         2d5       77%         1
 Necrotise                Necr           0%         1d4       77%         1
 Shock                    Conj/Air       0%         1d3       77%         1
 Sting                    Conj/Alch      0%         1d3       77%         1
 Summon Small Mammal      Summ           0%         N/A       77%         1
 Cigotuvi's Dreadful Rot  Necr/Alch/Air  0%         N/A       88%         2
 Jinxbite                 Hex            0%         N/A       88%         2
 Lesser Beckoning         Tloc           0%         N/A       88%         2
 Mercury Vapours          Alch/Air       0%         N/A       88%         2
 Momentum Strike          Conj/Tloc      0%         3d8       88%         2
 Sublimation of Blood     Necr           0%         N/A       88%         2
 Call Canine Familiar     Summ           0%         N/A       98%         3
 Confusing Touch          Hex            0%         N/A       98%         3
 Dazzling Flash           Conj/Hex       0%         N/A       98%         3
 Frozen Ramparts          Ice            0%         1d1       98%         3
 Fugue of the Fallen      Necr           0%         N/A       98%         3
 Gell's Gravitas          Tloc           0%         N/A       98%         3
 Hailstorm                Conj/Ice       0%         3d5       98%         3
 Inner Flame              Hex/Fire       0%         N/A       98%         3
 Mephitic Cloud           Conj/Alch/Air  0%         N/A       98%         3
 Ozocubu's Armour         Ice            0%         N/A       98%         3
 Sigil of Binding         Hex            0%         N/A       98%         3
 Summon Ice Beast         Ice/Summ       0%         N/A       98%         3
 Teleport Other           Tloc           0%         N/A       98%         3
 Tukima's Dance           Hex            0%         N/A       98%         3
 Volatile Blastmotes      Fire/Tloc      0%         2d10      98%         3
 Airstrike                Air            0%         2d(0-16)  100%        4
 Anguish                  Hex/Necr       0%         N/A       100%        4
 Animate Dead             Necr           0%         N/A       100%        4
 Brom's Barrelling Bould  Conj/Erth      0%         2d3       100%        4
 Cause Fear               Hex            0%         N/A       100%        4
 Dimensional Bullseye     Hex/Tloc       0%         N/A       100%        4
 Dispel Undead            Necr           0%         3d6       100%        4
 Flame Wave               Conj/Fire      0%         2d4       100%        4
 Fulminant Prism          Conj/Alch      0%         3d5       100%        4
 Ignite Poison            Fire/Alch      0%         N/A       100%        4
 Iskenderun's Mystic Bla  Conj/Tloc      0%         2d3       100%        4
 Leda's Liquefaction      Alch/Erth      0%         N/A       100%        4
 Manifold Assault         Tloc           0%         N/A       100%        4
 Martyr's Knell           Necr/Summ      0%         N/A       100%        4
 Passage of Golubria      Tloc           0%         N/A       100%        4
 Petrify                  Alch/Erth      0%         N/A       100%        4
 Sticky Flame             Fire/Alch      0%         2d4       100%        4
 Summon Blazeheart Golem  Fire/Summ      0%         N/A       100%        4
 Vhi's Electric Charge    Tloc/Air       0%         N/A       100%        4
 Alistair's Intoxication  Alch           0%         N/A       100%        5
 Arcjolt                  Conj/Air       0%         1d10      100%        5
 Fireball                 Conj/Fire      0%         3d3       100%        5
 Freezing Cloud           Conj/Ice/Air   0%         6-21      100%        5
 Irradiate                Conj/Alch      0%         3d11      100%        5
 Iskenderun's Battlesphe  Conj           0%         2d6       100%        5
 Metabolic Englaciation   Hex/Ice        0%         N/A       100%        5
 Silence                  Hex/Air        0%         N/A       100%        5
 Summon Mana Viper        Hex/Summ       0%         N/A       100%        5
 Yara's Violent Unravell  Hex/Alch       0%         3d3       100%        5
 Bombard                  Conj/Erth      0%         9d1       100%        6
 Conjure Ball Lightning   Conj/Air       0%         3x3d6     100%        6
 Death Channel            Necr           0%         N/A       100%        6
 Dispersal                Tloc           0%         N/A       100%        6
 Plasma Beam              Fire/Air       0%         2x1d10    100%        6
 Sculpt Simulacrum        Ice/Alch       0%         N/A       100%        6
 Starburst                Conj/Fire      0%         6d3       100%        6
 Enfeeble                 Hex            0%         N/A       100%        7
 Haunt                    Necr/Summ      0%         N/A       100%        7
 Orb of Destruction       Conj           0%         9d5       100%        7
 Spellforged Servitor     Conj/Summ      0%         N/A       100%        7
 Borgnjor's Revivificati  Necr           0%         N/A       100%        8
 Disjunction              Tloc           0%         N/A       100%        8
 Infestation              Necr           0%         N/A       100%        8
 Lehudib's Crystal Spear  Conj/Erth      0%         10d2      100%        8
 Maxwell's Capacitive Co  Air            0%         ∞         100%        8
 Summon Horrible Things   Summ           0%         N/A       100%        8
 Death's Door             Necr           0%         N/A       100%        9
 Dragon's Call            Summ           0%         N/A       100%        9
 Fire Storm               Conj/Fire      0%         5d1       100%        9

Inventory:

Hand Weapons
 a - the +9 broad axe of the Hammering Priest {flame, rPois rF+ rC++ Will-, axe}
   (You acquired it on level 7 of the Dungeon)

   rF+:       It protects you from fire.
   rC++:      It greatly protects you from cold.
   rPois:     It protects you from poison Will-: It decreases your willpower.
 b - a +2 broad axe of flaming {axe}
   (You took it off an ancient champion on level 3 of Gehenna)
 w - the +6 broad axe of Destiny (weapon) {freeze, Str+5 SInv Stlth+, axe}
   (You found it in Pandemonium)

   Str+5:     It affects your strength (+5).
   SInv:      It lets you see invisible.
   Stlth+:    It makes you more stealthy.
Missiles
 e - 17 javelins {throwing}
Armour
 y - a +5 kite shield of resistance (worn)
   (You took it off a demonspawn warmonger in Pandemonium)
 F - a +2 pair of gloves of strength (worn)
   (You bought it in a shop in a bazaar)
 I - a +2 pair of boots of rampaging (worn)
   (You found it in the Desolation of Salt)
 K - the +1 cloak "Daic" (worn) {^Contam Fly rCorr Int+3}
   (You found it on level 2 of the Depths)

   Int+3:     It affects your intelligence (+3).
   Fly:       It grants you flight.
   ^Contam:   It causes magical contamination when unequipped.
   rCorr:     It protects you from acid and corrosion.
 O - the +12 crystal plate armour of Absence (worn) {Dex+3, rare=g}
   (Okawaru gifted it to you on level 4 of the Lair of Beasts)

   Dex+3:     It affects your dexterity (+3).
 Y - a +2 hat of intelligence (worn)
   (You found it on level 4 of the Spider Nest)
Jewellery
 c - the ring "Mosunaad" {rN+ MP-9 AC+4 Int+4 Dex+3}
   (You took it off a deep elf sorcerer on level 5 of the Vaults)

   [ring of protection]

   AC+4:      It affects your AC (+4).
   Int+4:     It affects your intelligence (+4).
   Dex+3:     It affects your dexterity (+3).
   rN+:       It protects you from negative energy.
   MP-9:      It affects your magic capacity (-9).
 f - the ring "Xyqusm" (left hand) {Fire rElec Dex+4, =R}
   (You bought it in a shop on level 4 of the Dungeon)

   [ring of fire]

   Fire:      It enhances your fire magic.
   Dex+4:     It affects your dexterity (+4).
   rF+:       It protects you from fire.
   rC-:       It makes you vulnerable to cold.
   rElec:     It insulates you from electricity.
 n - a ring of willpower
   (You found it on level 3 of the Crypt)
 p - the ring of Patua (right hand) {rF++ rN+ EV+5}
   (You found it in Pandemonium)

   [ring of evasion]

   EV+5:      It affects your evasion (+5).
   rF++:      It greatly protects you from fire.
   rN+:       It protects you from negative energy.
 u - the amulet "Xaetueli" (around neck) {Reflect rN+ SH+5}
   (You took it off a deep elf pyromancer on level 3 of the Elven Halls)

   [amulet of reflection]

   Reflect:   It reflects blocked missile attacks.
   rN+:       It protects you from negative energy.
   SH+5:      It affects your SH (+5).
 H - the ring of the Philosopher {rC+ rN+ AC+4}
   (You took it off a ragged hierophant in the Desolation of Salt)

   [ring of protection]

   AC+4:      It affects your AC (+4).
   rC+:       It protects you from cold.
   rN+:       It protects you from negative energy.
 N - the dreamshard necklace {Acrobat *Dream}
   (You found it on level 5 of the Vaults)

   [amulet of the acrobat]

   *Dream:    It absorbs a single lethal wound into itself, holding its wearer
   just short of death and releasing dream-creatures to guard them.
   Acrobat:   It increases your evasion while moving and waiting.
 Q - the ring of Eternity {rCorr SInv}
   (You found it on level 2 of the Depths)

   [ring of see invisible]

   SInv:      It lets you see invisible.
   rCorr:     It protects you from acid and corrosion.
 S - a ring of protection from fire
   (You found it on level 5 of the Pits of Slime)
Talismans
 E - a talisman of death (active)
   (You found it on level 3 of the Crypt)
Wands
 l - a wand of digging (11)
   (You found it on level 3 of the Elven Halls)
 Z - a wand of acid (37)
   (You found it on level 3 of the Lair of Beasts)
Scrolls
 g - 10 scrolls of revelation
 j - 10 scrolls of fog
 o - 17 scrolls of blinking {!r}
 q - 9 scrolls of fear
 t - 7 scrolls of vulnerability {!r!r}
 x - a scroll of enchant armour
 G - 5 scrolls of brand weapon
 J - 8 scrolls of poison {!r}
 L - 21 scrolls of enchant weapon
 M - 13 scrolls of teleportation {@r4}
 W - 2 scrolls of silence {!r}
 X - a scroll of summoning
Potions
 d - 15 potions of curing {@q1}
 i - 7 potions of magic
 k - 3 potions of cancellation
 r - 13 potions of resistance
 v - 11 potions of haste {@q3}
 z - 4 potions of invisibility
 A - 9 potions of brilliance
 B - 3 potions of attraction {!q}
 C - 5 potions of might
 D - 20 potions of heal wounds {@q2}
 P - 7 potions of enlightenment
 R - 4 potions of berserk rage {!q}
 T - 8 potions of ambrosia
Miscellaneous
 h - the horn of Geryon
   (You took it off Geryon in the Vestibule of Hell)
 s - a phial of floods
   (You found it in the Desolation of Salt)

Dungeon Overview and Level Annotations

Branches:
Dungeon (15/15) Zot: 24576  Temple (1/1) D:5 Zot: 5998    Lair (5/5) D:11 Zot: 25608
  Swamp (4/4) Lair:2 Zot: 22242  Spider (4/4) Lair:3 Zot: 21688   Slime (5/5) Lair:4 Zot: 26753
    Orc (2/2) D:10 Zot: 10794     Elf (3/3) Orc:2 Zot: 13192  Vaults (5/5) D:13 Zot: 21874
  Crypt (3/3) Vaults:3 Zot: 15403    Tomb (0/3) Crypt:3      Depths (4/4) D:15 Zot: 18566
   Hell (visited)             Dis (0/7) Hell            Geh (7/7) Hell Zot: 25983
    Coc (0/7) Hell            Tar (0/7) Hell            Zot (5/5) Depths:4 Zot: 24713
 Bailey (visited)          WizLab (visited)         Desolation (visited)
Gauntlet (visited)

Altars:
Ashenzari
Cheibriados
Dithmenos
Elyvilon
Fedhas
Gozag
Hepliaklqana
Kikubaaqudgha
Makhleb
Nemelex Xobeh
Okawaru
Qazlal
Ru
Sif Muna
Trog
Uskayaw
Vehumet
Wu Jian
Xom
Yredelemnul
Zin
The Shining One
Lugonu

Shops:
D:4 =   Orc:2 (:?!   Elf:1 ?*?   Vaults:3 :   Vaults:4 (   Depths:2 *
Depths:3 (=[

Portals:
Hell: Depths:1 Depths:2 Depths:3 Depths:4
Abyss: Depths:2 Depths:3 Depths:4
Pandemonium: Depths:1 Depths:2 Depths:3
Ziggurat: Depths:4

Annotations:
D:6 2 transporters
D:14 2 transporters, Wopp's ghost, journeyman GrEE
D:15 Roxanne
Lair:1 2 transporters, Zusoliwk's ghost, journeyman CeHu
Lair:2 exclusion: downstairs
Lair:3 exclusion: downstairs
Lair:4 exclusion: downstairs
Lair:5 exclusion: oklob plant
Elf:2 4 runed translucent doors, Egam Xox's ghost, adept GnSh
Vaults:3 2 transporters, exclusion: obsidian statue
Depths:3 1 runed translucent door
Geh:7 Asmodeus

≈≈≈≈≈≈§≈# #########..........# #≈
§≈≈≈≈≈§≈# #..21#..#..........###≈
≈≈§≈≈≈≈≈# #°2§2C12#..........'.##
≈≈≈##### *#..1.#2§#....^.....'.#.
§≈≈# #..2C#☼°#..........#.#. ≈≈≈#
#....#2☼############.#. ≈≈≈#
#....#&°# ........'.#. §≈≈#
##''##2°# ####.....'.#' ≈≈§# ,
*... #z.# +|/#.....###. ≈≈≈#
,#..) #2.# +)[#.....###. ≈≈≈# , '
#..#.####.....'... ≈≈≈#, *,
,#..#..........#### ≈§≈# ,
###..#######'#### ≈§≈######
##....#######'## §≈≈≈§§≈≈≈≈
#....##...#.)..#
.≈≈§≈§≈≈≈≈≈§#...)''...'....######
..≈≈§§≈≈≈≈≈§#....##...#....##≈≈≈≈


You could see Asmodeus (clouds, distracted, ally target, magic disrupted), a
Brimstone Fiend, a fire giant, a hellion (summoned, ally target), a friendly
balrug (summoned), 2 friendly green deaths and a friendly blizzard demon
(summoned).


Message History

The Brimstone Fiend hits your Executioner but does no damage. x2
The Brimstone Fiend gestures at you.
The sphere of damnation explodes!
The damnation engulfs you!!
Your Executioner hits the Brimstone Fiend!
Your Executioner hits the Brimstone Fiend but does no damage. x2
The hellion gestures at you.
The sphere of damnation explodes!
The damnation engulfs you!!
* * * LOW HITPOINT WARNING * * *
You hear a trumpeting! 😨 HP[-66]
You take 66 damage, and now have 106/271 hp.
MASSIVE DAMAGE!! (PAUSE)
You cannot drink potions in your current state!
A demon appears!
Your Executioner gestures.
Your Executioner seems to speed up.
The Brimstone Fiend hits your Executioner!!
Your Executioner dies!
Your Executioner disappears in a puff of smoke!
The hellion gestures at you.
The sphere of damnation explodes!
The damnation engulfs you!!
* * * LOW HITPOINT WARNING * * *
The damnation engulfs Asmodeus.
Asmodeus completely resists.
The damnation engulfs your Executioner!!
Unknown command. 😱 HP[-39]
You take 39 damage, and now have 67/271 hp.
You swap places.
Your Executioner is engulfed in blazing flames.
Your Executioner hits Asmodeus!
Your Executioner hits Asmodeus but does no damage. x2
Asmodeus hits your Executioner with the +13 sceptre of Asmodeus!!
Your Executioner is engulfed in blazing flames.
Your Executioner hits Asmodeus!
Your Executioner hits Asmodeus but does no damage. x2
Unknown command.
A demon appears!
Your Executioner is engulfed in blazing flames.
Your Executioner hits Asmodeus!
Your Executioner hits Asmodeus but does no damage. x2
Your Executioner is engulfed in blazing flames.
Your Executioner hits Asmodeus!
Your Executioner hits Asmodeus but does no damage. x2 😱 HP[-9]
You take 9 damage, and now have 58/271 hp.
Unknown command.
A demon appears!
Your Executioner gestures.
Your Executioner seems to speed up.
Asmodeus hits your Executioner with the +13 sceptre of Asmodeus!!!
Your Executioner dies!
Your Executioner disappears in a puff of smoke! 😱 HP[-9]
You take 9 damage, and now have 49/271 hp.
Your blizzard demon is engulfed in blazing flames.
Your blizzard demon gestures at Asmodeus.
The freezing blast engulfs Asmodeus!!
Your green death is engulfed in blazing flames.
Your green death hits Asmodeus but does no damage.
Unknown command.
Your blizzard demon is engulfed in blazing flames.
Your blizzard demon hits Asmodeus but does no damage. x2
Your green death is engulfed in blazing flames.
Your green death hits Asmodeus! 😱 HP[+1] Asmodeus is engulfed in freezing vapours.
Your green death is engulfed in blazing flames.
Your green death gestures at Asmodeus.
The bolt of poison hits Asmodeus but does no damage.
Your blizzard demon waves its arms in wide circles.
The air twists around and strikes Asmodeus!
A demon appears!
Asmodeus is no longer moving slowly.
Asmodeus is no longer weakened.
The Brimstone Fiend is no longer moving slowly.
The Brimstone Fiend is no longer weakened.
The Brimstone Fiend hits your green death but does no damage.
The Brimstone Fiend hits your green death. x2
Your blizzard demon is engulfed in blazing flames.
Your blizzard demon gestures at Asmodeus.
You hear a sizzling sound! 😱 HP[-9]
You take 9 damage, and now have 41/271 hp.
A demon appears!
The hellion gestures at you.
The sphere of damnation explodes!
The damnation engulfs you!!
* * * LOW HITPOINT WARNING * * *
The damnation engulfs Asmodeus.
Asmodeus completely resists.
The damnation engulfs your balrug!!
Your blizzard demon hits the hellion.
Your blizzard demon misses the hellion.
Your green death is engulfed in blazing flames. 😱 HP[-29]
You take 29 damage, and now have 12/271 hp.
You swap places.
Your balrug hits Asmodeus with a +0 antimagic demon whip!
Asmodeus is engulfed in flames.
Asmodeus completely resists.
Asmodeus's magic leaks into the air.
Asmodeus hits your balrug with the +13 sceptre of Asmodeus!!
The hellion gestures at you.
The sphere of damnation explodes!
The damnation engulfs you!!
You die...

Skill      XL: |  1  2  3  4  5  6  7  8  9 10 11 12 13 14 15 16 17 18 19 20 21 22 23 24 25 26 27 |
---------------+----------------------------------------------------------------------------------+-----
Fighting       | 4 5 6 9 12 13 14 16 21 22 23 26 | 26.9
Axes           | 3 4 5 6 8 10 11 14 16 17 18 20 25 | 25.0
Evocations     | 1 2 4 |  4.0
Armour         | 9 14 16 19 20 21 22 25 26 | 26.4
Dodging        | 7 8 14 20 | 20.0
Shields        | 10 13 14 16 20 | 20.0
Invocations    | 7 8 9 10 13 20 | 20.8
Shapeshifting  | 9 13 17 19 22 23 | 23.0

Action                     |  1- 3 |  4- 6 |  7- 9 | 10-12 | 13-15 | 16-18 | 19-21 | 22-24 | 25-27 || total
---------------------------+-------+-------+-------+-------+-------+-------+-------+-------+-------++-------
  Melee: War axe           |    57 |   146 |   294 |       |       |       |       |       |       ||   497
         Headbutt          |     7 |    27 |    50 |    24 |   220 |   289 |   572 |   566 |  1331 ||  3086
         Whip              |       |       |     7 |       |       |       |       |       |       ||     7
         Hand axe          |       |       |     2 |       |       |       |       |       |       ||     2
         Broad axe         |       |       |    17 |   142 |   944 |  1135 |  1986 |  1703 |  3901 ||  9828
  Throw: Dart              |       |       |     9 |       |       |       |       |       |       ||     9
 Invoke: Heroism           |       |       |       |     1 |     5 |    20 |     4 |       |       ||    30
         Finesse           |       |       |       |       |     4 |    10 |     3 |       |       ||    17
         Receive Weapon    |       |       |       |       |     1 |       |       |       |       ||     1
         Receive Armour    |       |       |       |       |     1 |       |       |       |       ||     1
         Greater Servant o |       |       |       |       |       |       |       |       |     8 ||     8
  Evoke: Wand              |       |     4 |     6 |     4 |       |     3 |     2 |       |     7 ||    26
         Phial of floods   |       |       |       |       |       |       |     1 |     1 |       ||     2
    Use: Scroll            |       |     4 |     9 |     8 |     7 |     6 |    17 |     8 |    30 ||    89
         Potion            |       |     2 |       |     2 |       |     7 |     4 |     3 |    18 ||    36
   Stab: Paralysed         |       |     2 |    12 |     2 |       |       |       |       |     1 ||    17
         Petrifying        |       |       |       |       |     2 |       |       |       |     1 ||     3
         Distracted        |       |       |       |       |       |     1 |       |     2 |     5 ||     8
         Invisible         |       |       |       |       |       |     9 |       |       |    13 ||    22
         Confused          |       |       |       |       |       |       |       |       |     1 ||     1
 Armour: Scale mail        |    20 |       |       |       |       |       |       |       |       ||    20
         Leather armour    |    15 |    79 |     3 |       |       |       |       |       |       ||    97
         Ring mail         |       |       |   166 |    74 |    92 |       |       |       |       ||   332
         Crystal plate arm |       |       |       |       |   331 |   664 |   899 |   958 |  1881 ||  4733
  Dodge: Dodged            |    25 |    64 |   116 |    84 |   240 |   475 |   426 |   222 |  1007 ||  2659
  Block: Buckler           |     9 |    26 |    91 |    68 |   165 |       |       |       |       ||   359
         Reflection        |       |       |     3 |     6 |    51 |    17 |   123 |    61 |    56 ||   317
         Kite shield       |       |       |       |       |   396 |  1095 |  1667 |  2060 |  3453 ||  8671
         Other             |       |       |       |       |     3 |       |       |       |       ||     3
   Form: Death             |       |       |       |       |       |       |       |     1 |     3 ||     4
                           |       |       |       |       |       |       |       |     1 |     2 ||     3

Levels and vault maps discovered:
D:1:      dpeg_arrival_solitude, layout_loops_ring, st_stairs_10
D:2:      layout_basic, basic_altar, minmay_misc_feat_enclosed,
          minmay_pentomino_t2
D:3:      minmay_spotlight, layout_loops_ring, lemuel_tele_altar,
          nicolae_dithmenos_shadow_blocks,
          shapermc_ecumenical_altar_mp_ritualfount,
          corexii_item_surrounded_by_moat, nicolae_figureground_pulse,
          uniq_terence
D:4:      minmay_diamond_boxcup, layout_layer_cave,
          mainiacjoe_overflow_cross_hatched, serial_shops, shop, uniq_robin
D:5:      layout_loops_ring, nicolae_qazlal_eye_of_the_storm,
          mainiacjoe_overflow_surrounded_room, temple_doors_ab,
          minmay_statues_item, kennysheep_big_empty_room, minmay_bent
D:6:      gammafunk_wand_slinger, layout_basic, nicolae_overflow_two_pavilions,
          minmay_door_square, uniq_crazy_yiuf_cottage
D:7:      layout_loops_ring
D:8:      layout_loops_ring, mainiacjoe_overflow_boulevard, chequers_jeans
D:9:      layout_rooms, grunt_temple_overflow_champion_of_chaos, uniq_erica
D:10:     layout_cave_pools, good_gods_temple_1, chei_slow_surprise,
          orc_0_dummy, enter_bailey_8
D:11:     layout_roguey, due_lair_maze_entry_diamond
D:12:     layout_cave_pods, serial_glass, glass_columns_a, glass_columns_a,
          serial_library_regret_index_double_sided
D:13:     cheibrodos_elevator_heist, layout_loops_ring,
          grunt_vaults_entry_fortified, eino_tiny_chamber,
          kennysheep_generic_room_10
D:14:     layout_grid_maze, gammafunk_ghost_stat_death
D:15:     hangedman_depths_entry_civil_slaughter, layout_small_grid,
          minmay_hedge_maze, gauntlet_entry_generic, nicolae_water_bricks,
          uniq_roxanne, uniq_louise
Temple:   nicolae_temple_ecumenical_triangle
Lair:1:   layout_chaotic_city, gammafunk_ghost_arena,
          chequers_serial_rivers_large_a, nicolae_quartered_pool_medium,
          chequers_serial_rivers_small_b, serial_bayou_shore_b
Lair:2:   layout_regular_city, minmay_swamp_entry_swarm
Lair:3:   layout_misc_corridors, spider_nest_entry_funnel_web, uniq_gastronok,
          uniq_amaemon
Lair:4:   layout_roguey, minmay_slime_entry_pillars,
          chequers_serial_rivers_micro_e, minivault_19, grunt_megastairs_1,
          uniq_josephine
Lair:5:   minmay_lair_end_enchanted_forest, layout_misc_corridors,
          grunt_megastairs_4, serial_bayou_shore_a
Swamp:1:  layout_basic_swamp, evilmike_swamp_ruin_house_4,
          nicolae_swamp_tree_isthmus, uniq_aizul, uniq_jorgrun
Swamp:2:  nicolae_swamp_standing_stones, layout_basic_swamp,
          evilmike_swamp_ruin_rubble_1
Swamp:3:  layout_basic_swamp, hangedman_swamp_ruin_hall, swamp_pool_5,
          infiniplex_staircase_pool, nicolae_swamp_decorative_isthmus
Swamp:4:  swamp_basic_johnstein, layout_basic_swamp
Spider:1: layout_spider_delve
Spider:2: layout_spider_delve
Spider:3: layout_chambers
Spider:4: floodkiller_spider_rune_tomb, special_room [special_room_bee],
          drop_trap, guppyfry_hornet_nest
Slime:1:  layout_caves
Slime:2:  layout_caves
Slime:3:  layout_caves, uniq_dissolution
Slime:4:  layout_caves, dissolution_awaits
Slime:5:  slime_pit_nicolae_amoeboid
Orc:1:    layout_caves, uniq_harold, uniq_urug, uniq_snorg
Orc:2:    grunt_orc_tribal_feast, layout_caves, serial_shops, shop,
          nicolae_shop_just_a_little_nook, shop
Elf:1:    layout_loops_corners, basic_altar, serial_shops,
          nicolae_shop_tiny_glass, hangedman_elf_disciples,
          nicolae_concentric_dashed_squares_wild, minmay_shoptagon
Elf:2:    nicolae_elf_blades_crystal_corner, layout_loops_corners,
          hellmonk_ghost_big_iron, basic_altar
Elf:3:    elf_hall, layout_gridlike
Vaults:1: nicolae_vaults_tetromino_T_2, nicolae_vaults_closet_pinwheel_3,
          ontoclasm_vaults_pinch, nicolae_vaults_you_can_take_it_with_you,
          nicolae_vaults_alarming, nicolae_vaults_hallways_thing,
          nicolae_vaults_twisting_passages, nicolae_vaults_three_branches,
          grunt_vaults_trifunnel, vaults_mumra_lcd,
          nicolae_vaults_mini_display_case, nicolae_vaults_double_plus_2,
          layout_vaults_ring
Vaults:2: nicolae_vaults_minivaults, hangedman_vaults_snaps, minmay_orc_keep,
          nicolae_vaults_wine_cellar, ontoclasm_vaults_ring_small, v_misc_25,
          nicolae_vaults_wrenched, hangedman_vaults_river_flow,
          serial_library_hellmonk_open_cross, layout_vaults_maze_bifur
Vaults:3: minmay_crypt_entry_necro_gods, nicolae_vaults_double_plus_1,
          gammafunk_sealed_arena, hangedman_vaults_corner,
          nicolae_vaults_tetromino_Z_1, v_misc_29, vaults_room_hallway,
          vaults_room_octagon, vaults_room_boxed, nicolae_vaults_diamond_1,
          hangedman_vaults_stretched_pinwheel, hangedman_vaults_unwind,
          hangedman_vaults_slice, nicolae_vaults_tetromino_L_1,
          nicolae_vaults_house_3, nicolae_vaults_house_2,
          layout_vaults_omnicross, serial_shops, shop
Vaults:4: portal_desolation_entry_garden, grunt_vaults_bifocal,
          grunt_vaults_diagonal, vaults_room_octagon, ontoclasm_vaults_twist,
          v_misc_14, v_misc_25, hangedman_vaults_trim, nicolae_vaults_rhombus_5,
          layout_vaults_omnigrid, serial_shops, shop
Vaults:5
Crypt:1:  layout_misc_corridors
Crypt:2:  layout_gridlike, roadster_capsule_ark_zombie
Crypt:3:  cryptofortress_bobbens
Depths:1: layout_forbidden_donut, hell_entry, rand_demon_pan_entry_5,
          dk_noncrumbling_3, nicolae_titane, uniq_bai_suzhen
Depths:2: kennysheep_spiral_hall, layout_cave_shapes, abyss_entry,
          rand_demon_pan_entry_7, serial_shops, nicolae_shop_rolling_square,
          hell_entry, gammafunk_ghost_crypt, infiniplex_staircase_spiral_double
Depths:3: minmay_the_grid_triangle_9x9_rhombus_full
          [minmay_the_grid_triangle_9x9_windchime,
          minmay_the_grid_triangle_9x9_flanged_cone,
          minmay_the_grid_triangle_9x9_corruption,
          minmay_the_grid_triangle_9x9_cache,
          minmay_the_grid_triangle_9x9_semitri,
          minmay_the_grid_triangle_9x9_steps,
          minmay_the_grid_triangle_9x9_subtriangle,
          minmay_the_grid_triangle_9x9_prize_schism], layout_gridlike,
          serial_shops, bzr_in_the_mist, nicolae_shop_waterfront,
          nicolae_shop_tiny_real_fake_doors, nicolae_square_shop,
          abyss_entry_small_statue_room, pan_entry,
          hellmonk_okawaru_the_only_friend_you_need, pf_coc_iceberg,
          mu_enter_wizlab_1, serial_bayou_shore_b,
          minmay_staircase_windowed_large
Depths:4: grunt_zot_entry_bicorn, layout_gridlike, enter_ziggurat_e,
          grunt_gozag_statues, hell_entry, abyss_entry_flame_altar,
          serial_bayou_shore_b
Hell
Geh:1:    layout_gehenna_pools_basic
Geh:2:    nicolae_geh_tyrants_menagerie, layout_gehenna_pools_triple
Geh:3:    layout_gehenna_pools_box, hangedman_elemental_grid_stream
Geh:4:    layout_gehenna_lava_caves, nicolae_hells_seeping_fissure
Geh:5:    layout_gehenna_lava_caves
Geh:6:    layout_gehenna_lava_caves
Geh:7:    geh_mu
Zot:1:    hellmonk_crystal_mountain, layout_misc_corridors
Zot:2:    layout_basic, regret_index_zotdec_zees
Zot:3:    kennysheep_room_grid, layout_basic, nicolae_zot_crop_circle
Zot:4:    layout_concentric_octagons
Zot:5:    layout_basic

Notes
Turn   | Place    | Note
-------+----------+-------------------------------------------
     0 | D:1      | MackTheKnife the Minotaur Fighter began the quest for the
                  | Orb.
     0 | D:1      | Reached XP level 1. HP: 19/19 MP: 0/0
     0 | D:1      | magus.rc [v1.9.6]
    96 | D:1      | Reached skill level 4 in Fighting
    96 | D:1      | Reached skill level 3 in Axes
    96 | D:1      | Reached XP level 2. HP: 19/27 MP: 1/1
   270 | D:1      | Reached XP level 3. HP: 29/34 MP: 2/2
   756 | D:2      | Found a shimmering blue altar of Sif Muna.
   834 | D:1      | Reached skill level 4 in Axes
   834 | D:1      | Reached XP level 4. HP: 41/41 MP: 3/3
   837 | D:2      | Reached skill level 5 in Fighting
  1895 | D:3      | Reached XP level 5. HP: 48/48 MP: 4/4
  1906 | D:3      | Found a faded altar of an unknown god.
  1938 | D:3      | Found an opulent altar of Gozag.
  1948 | D:3      | Reached skill level 5 in Axes
  1987 | D:3      | Found a shadowy altar of Dithmenos.
  2144 | D:3      | Noticed Terence
  2151 | D:3      | Killed Terence
  2162 | D:3      | Reached skill level 6 in Fighting
  2514 | D:4      | You fall into a shaft and drop 1 floor!
  2514 | D:5      | Entered Level 5 of the Dungeon
  2524 | D:5      | Found a basalt altar of Yredelemnul.
  2571 | D:5      | Reached skill level 1 in Evocations
  2571 | D:5      | Reached XP level 6. HP: 56/57 MP: 5/5
  2652 | D:5      | Reached skill level 6 in Axes
  2680 | D:5      | HP: 14/57 [gnoll sergeant/+0 trident (9)]
  2721 | D:5      | Noticed an ice beast
  2740 | D:5      | Reached skill level 2 in Evocations
  2941 | D:5      | Noticed a steam dragon
  2962 | D:5      | Killed an ice beast
  2963 | D:5      | Reached XP level 7. HP: 63/63 MP: 6/6
  3019 | D:5      | Reached skill level 7 in Axes
  3019 | D:5      | Reached skill level 3 in Evocations
  3083 | D:5      | You pick up a book of the Tundra and begin reading...
  3083 | D:5      | You add the spells Hailstorm, Summon Ice Beast and Sculpt
                  | Simulacrum to your library.
  3147 | D:5      | Reached skill level 4 in Evocations
  3271 | D:5      | You pick up a book of Callings and begin reading...
  3271 | D:5      | You add the spells Summon Small Mammal, Call Canine
                  | Familiar and Summon Blazeheart Golem to your library.
  3336 | D:5      | Found a staircase to the Ecumenical Temple.
  3341 | Temple   | Entered the Ecumenical Temple
  3392 | D:4      | Noticed Robin
  3413 | D:4      | Killed Robin
  3421 | D:4      | Reached skill level 8 in Axes
  3501 | D:4      | HP: 15/63 [poisoned by a scorpion]
  3506 | D:4      | HP: 10/63 [poisoned by a scorpion]
  3725 | D:4      | Found an ancient bone altar of Kikubaaqudgha.
  3763 | D:4      | Found Zeid's Jewellery Shoppe.
  4134 | D:4      | Reached XP level 8. HP: 62/70 MP: 7/7
  4451 | D:5      | Found a stormy altar of Qazlal.
  4963 | D:5      | Reached skill level 7 in Fighting
  4963 | D:5      | Reached skill level 9 in Axes
  5386 | D:4      | Bought an amulet of reflection for 390 gold pieces
  5435 | D:6      | Reached skill level 8 in Fighting
  5495 | D:6      | Found a hide-covered altar of Uskayaw.
  5495 | D:6      | Found an iron altar of Okawaru.
  5500 | D:6      | Became a worshipper of Warmaster Okawaru
  5636 | D:6      | Reached skill level 10 in Axes
  5789 | D:6      | Reached skill level 9 in Fighting
  5946 | D:6      | Found a transporter.
  5961 | D:6      | Reached XP level 9. HP: 83/83 MP: 8/8
  5970 | D:6      | Found a transporter.
  5973 | D:6      | Noticed a deep elf knight
  6001 | D:6      | Reached * piety under Okawaru
  6034 | D:6      | Noticed a kobold demonologist
  6047 | D:6      | Found a runed translucent door.
  6048 | D:6      | Noticed Crazy Yiuf
  6055 | D:6      | Killed Crazy Yiuf
  6373 | D:6      | Reached skill level 10 in Fighting
  7088 | D:7      | Reached skill level 11 in Fighting
  7231 | D:7      | You pick up a book of Dangerous Friends and begin
                  | reading...
  7436 | D:7      | Reached ** piety under Okawaru
  7916 | D:7      | Identified a scroll of acquirement
  7916 | D:7      | Acquired the +9 broad axe of the Hammering Priest {flame,
                  | rPois rF+ rC++ Will-}
  8166 | D:8      | Reached skill level 12 in Fighting
  8166 | D:8      | Reached skill level 11 in Axes
  8281 | D:8      | Reached XP level 10. HP: 79/97 MP: 9/9
  8283 | D:8      | Reached skill level 12 in Axes
  8622 | D:8      | Reached *** piety under Okawaru
  8719 | D:8      | Found a hazy altar of Hepliaklqana.
  9074 | D:9      | Reached skill level 13 in Axes
  9188 | D:9      | Noticed Erica
  9198 | D:9      | Killed Erica
  9389 | D:9      | Reached skill level 14 in Axes
  9711 | D:9      | You pick up a book of Fire and begin reading...
  9711 | D:9      | You add the spells Foxfire, Plasma Beam and Starburst to
                  | your library.
  9743 | D:9      | Reached skill level 4 in Armour
  9743 | D:9      | Reached skill level 1 in Dodging
  9768 | D:9      | Found a shimmering altar of Xom.
  9768 | D:9      | Found a burning altar of Makhleb.
  9867 | D:9      | Reached **** piety under Okawaru
  9925 | D:10     | Entered Level 10 of the Dungeon
  9935 | D:10     | Reached skill level 2 in Dodging
  9954 | D:10     | Reached skill level 5 in Armour
  9954 | D:10     | Reached skill level 3 in Dodging
  9963 | D:10     | Reached skill level 6 in Armour
  9963 | D:10     | Reached skill level 4 in Dodging
 10017 | D:10     | Found a flagged portal.
 10070 | Bailey   | Entered a bailey
 10219 | Bailey   | Reached skill level 9 in Armour
 10219 | Bailey   | Reached skill level 7 in Dodging
 10219 | Bailey   | Reached XP level 11. HP: 91/103 MP: 10/10
 10220 | Bailey   | Reached skill level 16 in Axes
 10220 | Bailey   | Reached XP level 12. HP: 99/111 MP: 11/11
 10302 | Bailey   | Reached skill level 8 in Dodging
 10579 | D:10     | Found a snail-covered altar of Cheibriados.
 10632 | D:10     | Found a staircase to the Orcish Mines.
 10919 | D:10     | Found a glowing golden altar of the Shining One.
 10920 | D:10     | Found a white marble altar of Elyvilon.
 10922 | D:10     | Found a glowing silver altar of Zin.
 11092 | D:11     | Reached ***** piety under Okawaru
 11210 | D:11     | Reached XP level 13. HP: 109/118 MP: 12/12
 11267 | D:11     | Reached skill level 17 in Axes
 11386 | D:11     | Found a staircase to the Lair.
 11767 | D:11     | Reached skill level 13 in Fighting
 11813 | D:11     | magus.rc [v1.9.6]
 11829 | Lair:1   | Entered Level 1 of the Lair of Beasts
 11837 | Lair:1   | Reached skill level 4 in Shields
 11869 | Lair:1   | Reached skill level 5 in Shields
 11889 | Lair:1   | Reached skill level 6 in Shields
 11927 | Lair:1   | Reached skill level 7 in Shields
 11944 | Lair:1   | Reached skill level 8 in Shields
 12044 | Lair:2   | Received a gift from Okawaru
 12045 | Lair:2   | Reached skill level 9 in Shields
 12048 | Lair:2   | Reached ****** piety under Okawaru
 12073 | Lair:2   | Acquired the +0 broad axe of Deformation {drain, +Blink rC+
                  | Will++ Stlth+}
 12073 | Lair:2   | Received a gift from Okawaru
 12103 | Lair:2   | Reached skill level 10 in Shields
 12103 | Lair:2   | Reached skill level 1 in Invocations
 12165 | Lair:2   | Reached skill level 2 in Invocations
 12210 | Lair:2   | Reached skill level 3 in Invocations
 12300 | Lair:2   | Reached skill level 4 in Invocations
 12305 | Lair:2   | Found a staircase to the Swamp.
 12320 | Lair:1   | Found a transporter.
 12321 | Lair:1   | Noticed Zusoliwk's ghost (journeyman CeHu)
 12373 | Lair:3   | Noticed Amaemon
 12385 | Lair:3   | Reached skill level 5 in Invocations
 12392 | Lair:3   | Killed Amaemon
 12395 | Lair:3   | Received a gift from Okawaru
 12399 | Lair:3   | Reached skill level 6 in Invocations
 12571 | Lair:4   | Reached skill level 7 in Invocations
 12592 | Lair:4   | Acquired the +12 crystal plate armour of Absence {Dex+3}
 12592 | Lair:4   | Received a gift from Okawaru
 12593 | Lair:4   | O - the +12 crystal plate armour of Absence {Dex+3, rare=g}
 12611 | Lair:4   | You finish putting on the +12 crystal plate armour of
                  | Absence {Dex+3, rare=g}.
 12629 | Lair:4   | You pick up a book of Flames and begin reading...
 12629 | Lair:4   | You add the spells Inner Flame, Sticky Flame and Flame Wave
                  | to your library.
 12655 | Lair:4   | Reached XP level 14. HP: 129/129 MP: 18/18
 12773 | Lair:4   | Reached skill level 10 in Armour
 12853 | Lair:4   | Reached skill level 8 in Invocations
 12882 | Lair:4   | Noticed Josephine
 12898 | Lair:4   | Killed Josephine
 13004 | Lair:4   | Found a staircase to the Slime Pits.
 13186 | Lair:5   | Entered Level 5 of the Lair of Beasts
 13239 | Lair:5   | You pick up a book of Cantrips and begin reading...
 13239 | Lair:5   | You add the spells Sting, Necrotise and Apportation to your
                  | library.
 13248 | Lair:5   | Received a gift from Okawaru
 13271 | Lair:5   | Reached skill level 18 in Axes
 13278 | Lair:5   | Reached skill level 14 in Fighting
 13278 | Lair:5   | Reached skill level 11 in Armour
 13329 | Lair:5   | Received a gift from Okawaru
 13335 | Lair:5   | Reached skill level 12 in Armour
 13613 | Lair:5   | Reached skill level 13 in Armour
 13662 | Lair:5   | Got an earthy gem with 2042 turns to spare
 13739 | Lair:5   | Received a gift from Okawaru
 13760 | Lair:5   | Reached skill level 14 in Armour
 13898 | Lair:3   | Found a hole to the Spider Nest.
 13982 | Lair:1   | Found a transporter.
 14043 | Orc:1    | Entered Level 1 of the Orcish Mines
 14135 | Orc:2    | Entered Level 2 of the Orcish Mines
 14135 | Orc:2    | Found a staircase to the Elven Halls.
 14260 | Orc:2    | Reached XP level 15. HP: 105/139 MP: 13/20
 14266 | Orc:2    | Received a gift from Okawaru
 14295 | Orc:2    | Found Litet's Distillery.
 14295 | Orc:2    | Found Akiniafe's Weapon Boutique.
 14297 | Orc:2    | Found Zenoiber's Magic Scroll Emporium.
 14297 | Orc:2    | Found Sytzaeff's Book Boutique.
 14366 | Orc:2    | Bought a potion of heal wounds for 65 gold pieces
 14374 | Orc:2    | Bought a scroll of identify for 26 gold pieces
 14374 | Orc:2    | Bought a scroll of identify for 26 gold pieces
 14374 | Orc:2    | Bought a scroll of identify for 26 gold pieces
 14377 | Orc:2    | Bought a scroll of enchant armour for 97 gold pieces
 14381 | Orc:2    | Bought a potion of haste for 130 gold pieces
 14686 | Orc:1    | Noticed Urug
 14699 | Orc:1    | Killed Urug
 14700 | Orc:1    | Reached skill level 11 in Shields
 14781 | Orc:1    | Noticed Snorg
 14788 | Orc:1    | Killed Snorg
 14971 | Orc:1    | Noticed Harold
 14982 | Orc:1    | Killed Harold
 15587 | D:12     | Reached skill level 15 in Fighting
 15706 | D:12     | Reached skill level 15 in Armour
 16104 | D:13     | Received a gift from Okawaru
 16269 | D:13     | Found a gate to the Vaults.
 16564 | D:13     | You pick up a book of Displacement and begin reading...
 16564 | D:13     | You add the spells Lesser Beckoning, Gell's Gravitas and
                  | Teleport Other to your library.
 16751 | D:13     | Reached skill level 12 in Shields
 17184 | D:14     | Found a transporter.
 17192 | D:14     | Noticed Wopp's ghost (journeyman GrEE)
 17203 | D:14     | Received a gift from Okawaru
 17238 | D:14     | Found a transporter.
 17683 | D:14     | Reached skill level 16 in Fighting
 17722 | D:15     | Entered Level 15 of the Dungeon
 17753 | D:15     | Found a gate leading to a gauntlet.
 17763 | Gauntlet | Entered a Gauntlet
 17763 | Gauntlet | Found a transporter.
 17763 | Gauntlet | Found a transporter.
 17772 | Gauntlet | Found a transporter.
 17782 | Gauntlet | Found a transporter.
 17797 | Gauntlet | Found a transporter.
 17809 | Gauntlet | Found a transporter.
 17822 | Gauntlet | Found a transporter.
 17828 | Gauntlet | Found a transporter.
 17851 | Gauntlet | Found a transporter.
 17877 | Gauntlet | Found a transporter.
 17877 | Gauntlet | Found a transporter.
 17888 | Gauntlet | Found a transporter.
 17941 | Gauntlet | Reached skill level 16 in Armour
 18006 | Gauntlet | Identified the +3 shortbow of Blood {heavy, rPois rC+ Dex-2
                  | Stlth+}
 18009 | Gauntlet | Identified the +0 cloak "Ubollu" {rF- Str+8 Dex+3}
 18070 | Gauntlet | Identified the staff of Xuvughyw {rPois rC+ Str+3 Alchemy}
 18173 | D:15     | Received a gift from Okawaru
 18176 | D:15     | Reached skill level 13 in Shields
 18263 | D:15     | Noticed Roxanne
 18535 | D:15     | Reached XP level 16. HP: 145/152 MP: 21/21
 18563 | D:15     | Found a staircase to the Depths.
 18824 | D:15     | Noticed Louise
 18862 | D:15     | Killed Louise
 19184 | Lair:1   | magus.rc [v1.9.6]
 19237 | Swamp:1  | Entered Level 1 of the Swamp
 19265 | Swamp:1  | Identified the serpent talisman "Giocioj" {+Blink rF- Int+6
                  | Dex-3}
 19265 | Swamp:1  | Noticed Aizul
 19273 | Swamp:1  | Received a gift from Okawaru
 19287 | Swamp:1  | Reached skill level 17 in Fighting
 19287 | Swamp:1  | Reached skill level 14 in Shields
 19287 | Swamp:1  | Killed Aizul
 19358 | Swamp:1  | Noticed Jorgrun
 19568 | Swamp:1  | Killed Jorgrun
 19687 | Swamp:1  | You pick up a book of Lightning and begin reading...
 19687 | Swamp:1  | You add the spells Vhi's Electric Charge and Arcjolt to
                  | your library.
 19757 | Swamp:3  | Received a gift from Okawaru
 19758 | Swamp:3  | Reached skill level 18 in Fighting
 19787 | Swamp:4  | Entered Level 4 of the Swamp
 20338 | Swamp:4  | Reached skill level 19 in Fighting
 20422 | Swamp:4  | Received a gift from Okawaru
 20443 | Swamp:4  | Noticed a thorn hunter
 20444 | Swamp:4  | Noticed a thorn hunter
 20451 | Swamp:4  | Killed a thorn hunter
 20452 | Swamp:4  | Reached skill level 20 in Fighting
 20455 | Swamp:4  | Killed a thorn hunter
 20638 | Swamp:4  | Got a mossy gem with 283 turns to spare
 20643 | Swamp:4  | Got a decaying rune of Zot
 20945 | Spider:1 | Entered Level 1 of the Spider Nest
 20980 | Spider:1 | Reached skill level 21 in Fighting
 20985 | Spider:1 | Reached XP level 17. HP: 172/173 MP: 18/22
 21017 | Spider:1 | Received a gift from Okawaru
 21250 | Spider:4 | Entered Level 4 of the Spider Nest
 21314 | Spider:4 | Reached skill level 22 in Fighting
 21728 | Spider:4 | Reached skill level 17 in Armour
 21941 | Spider:4 | Reached skill level 18 in Armour
 22116 | Spider:4 | Reached skill level 19 in Armour
 22153 | Spider:4 | Got a milky-white gem with 1323 turns to spare
 22172 | Spider:4 | Got a gossamer rune of Zot
 22399 | Spider:3 | You add the spells Cigotuvi's Dreadful Rot, Ignite Poison
                  | and Freezing Cloud to your library.
 22714 | Spider:3 | Reached XP level 18. HP: 180/184 MP: 23/23
 22933 | Spider:3 | Reached skill level 20 in Armour
 22956 | Spider:3 | You pick up a book of Sloth and begin reading...
 22956 | Spider:3 | You add the spells Frozen Ramparts, Leda's Liquefaction,
                  | Petrify and Metabolic Englaciation to your library.
 23354 | Spider:1 | Received a gift from Okawaru
 23529 | Lair:3   | Reached skill level 9 in Dodging
 23765 | Vaults:1 | Entered Level 1 of the Vaults
 23834 | Vaults:1 | Reached skill level 10 in Dodging
 24026 | Vaults:1 | Reached skill level 11 in Dodging
 24098 | Vaults:1 | You pick up a book of Callings and begin reading...
 24286 | Vaults:1 | Noticed a lich
 24286 | Vaults:1 | Noticed a lich
 24293 | Vaults:1 | Noticed a lich
 24293 | Vaults:1 | Noticed a dread lich
 24298 | Vaults:1 | Killed a lich
 24298 | Vaults:1 | Received a gift from Okawaru
 24303 | Vaults:1 | Killed a lich
 24314 | Vaults:1 | Killed a lich
 24316 | Vaults:1 | Killed a dread lich
 24317 | Vaults:1 | Reached skill level 12 in Dodging
 24351 | Vaults:1 | You pick up a book of Flames and begin reading...
 24364 | Vaults:1 | Identified the +8 longbow of the First Emperors {flame, rC+
                  | rCorr Int+4 Stlth+}
 24447 | Vaults:1 | Reached skill level 13 in Dodging
 24548 | Vaults:1 | Received a gift from Okawaru
 24975 | Vaults:1 | Reached skill level 14 in Dodging
 25414 | Vaults:2 | Received a gift from Okawaru
 25500 | Vaults:2 | Reached skill level 9 in Invocations
 25523 | Vaults:2 | Paralysed by a sphinx for 5 turns
 25661 | Vaults:2 | Reached XP level 19. HP: 183/191 MP: 21/24
 25681 | Vaults:2 | Reached skill level 15 in Shields
 25717 | Vaults:2 | Received a gift from Okawaru
 25914 | Vaults:2 | Reached skill level 10 in Invocations
 26083 | Vaults:2 | Reached skill level 16 in Shields
 26416 | Vaults:2 | Received a gift from Okawaru
 26989 | Vaults:3 | Reached skill level 19 in Axes
 27349 | Vaults:3 | Found Zaff's Book Emporium.
 27452 | Vaults:3 | Received a gift from Okawaru
 27553 | Vaults:3 | Reached skill level 20 in Axes
 27861 | D:9      | Fell from the grace of Okawaru
 27861 | D:9      | Became a worshipper of Makhleb the Destroyer
 28232 | Vaults:4 | Found a crumbling gateway.
 28240 | Desolati | Entered the Desolation of Salt
 28326 | Desolati | Reached * piety under Makhleb
 28394 | Desolati | Identified the +5 scale mail of Osewn {rPois Will+ Str-5}
 28411 | Desolati | You add the spells Shock, Mephitic Cloud, Silence and
                  | Maxwell's Capacitive Coupling to your library.
 28411 | Desolati | Got the Incunable of the Atmosphere
 28532 | Desolati | Reached skill level 21 in Armour
 28897 | Desolati | You pick up a book of the Dragon and begin reading...
 28897 | Desolati | You add the spells Cause Fear, Fireball and Dragon's Call
                  | to your library.
 28925 | Desolati | Reached ** piety under Makhleb
 29024 | Desolati | Reached XP level 20. HP: 200/200 MP: 26/26
 29043 | Desolati | Identified the +6 great sword of Lies {speed, rElec}
 29154 | Desolati | Identified the ring of the Philosopher {rC+ rN+ AC+4}
 29181 | Desolati | You add the spells Momentum Strike and Airstrike to your
                  | library.
 29181 | Desolati | Got the Parchment of the Disjunct Lungs
 29182 | Desolati | Identified the +1 orcbow "Foisuplo" {flame, rPois Int-3
                  | Dex+4}
 29215 | Desolati | Reached skill level 22 in Armour
 29236 | Desolati | You add the spells Dispel Undead and Summon Mana Viper to
                  | your library.
 29236 | Desolati | Got the Parchment of Abominable Liturgies and the Throng
 29261 | Desolati | You pick up a book of Blasting and begin reading...
 29261 | Desolati | You add the spells Volatile Blastmotes, Fulminant Prism and
                  | Iskenderun's Mystic Blast to your library.
 29291 | Desolati | Reached skill level 1 in Shapeshifting
 29444 | Desolati | Reached *** piety under Makhleb
 29476 | Desolati | Identified the +1 leather armour of Demons {rElec rC+}
 29491 | Desolati | You pick up a book of Lightning and begin reading...
 29624 | Desolati | Reached skill level 2 in Shapeshifting
 29637 | Desolati | Identified the ring of Intercession {rCorr Str+4 Stlth-}
 29645 | Desolati | Reached skill level 3 in Shapeshifting
 29873 | Vaults:4 | Found Keicoz's Antique Weapon Shop.
 30323 | Vaults:4 | You pick up a book of the Warp and begin reading...
 30323 | Vaults:4 | You add the spells Manifold Assault, Dispersal and
                  | Disjunction to your library.
 30457 | Vaults:4 | Reached skill level 4 in Shapeshifting
 30461 | Vaults:4 | You pick up a book of Hexes and begin reading...
 30461 | Vaults:4 | You add the spells Anguish and Enfeeble to your library.
 30801 | Vaults:4 | Upgraded the game from 0.31.0-2-g5a2aebc5c2 to
                  | 0.31.0-4-g52a2dc7128
 30801 | Vaults:4 | magus.rc [v1.9.6]
 31009 | Elf:1    | Entered Level 1 of the Elven Halls
 31038 | Elf:1    | Reached skill level 5 in Shapeshifting
 31062 | Elf:1    | Reached **** piety under Makhleb
 31158 | Elf:1    | You pick up a book of Transmutation and begin reading...
 31158 | Elf:1    | You add the spells Sublimation of Blood and Irradiate to
                  | your library.
 31232 | Elf:1    | Found Munonn's Magic Scroll Shoppe.
 31287 | Elf:1    | Bought 2 scrolls of blinking for 150 gold pieces
 31287 | Elf:1    | Bought a scroll of enchant weapon for 75 gold pieces
 31554 | Elf:1    | Found Dagukh's Magic Scroll Shop.
 31554 | Elf:1    | Found Ebeig's Assorted Antiques.
 31587 | Elf:1    | Bought a scroll of enchant weapon for 105 gold pieces
 31587 | Elf:1    | Bought a scroll of enchant armour for 105 gold pieces
 31587 | Elf:1    | Bought a scroll of enchant armour for 105 gold pieces
 31587 | Elf:1    | Bought a scroll of revelation for 105 gold pieces
 31587 | Elf:1    | Bought a scroll of fear for 56 gold pieces
 31587 | Elf:1    | Bought a scroll of fog for 56 gold pieces
 31961 | Elf:1    | Identified the +4 halberd of the Fray {heavy, +Blink rElec
                  | rC- Int+6}
 31973 | Elf:1    | Reached skill level 6 in Shapeshifting
 32295 | Elf:1    | Identified the +4 falchion "Embalmer" {flame, rC++}
 32529 | Elf:1    | Found a shimmering blue altar of Sif Muna.
 32539 | Elf:1    | You pick up a book of Touch and begin reading...
 32539 | Elf:1    | You add the spells Kiss of Death and Confusing Touch to
                  | your library.
 32800 | Elf:2    | Noticed Egam Xox's ghost (adept GnSh)
 32815 | Elf:2    | Found a runed translucent door.
 32868 | Elf:2    | Found a shimmering blue altar of Sif Muna.
 32903 | Elf:2    | Paralysed by an air elemental for 1 turns
 32936 | Elf:2    | Reached skill level 7 in Shapeshifting
 32994 | Elf:2    | Paralysed by an air elemental for 1 turns
 33382 | Elf:2    | Found a runed translucent gate.
 33383 | Elf:2    | Found a runed translucent gate.
 33383 | Elf:2    | Found a runed translucent gate.
 33530 | Elf:2    | Paralysed by an air elemental for 1 turns
 33534 | Elf:2    | Paralysed by an air elemental for 1 turns
 33749 | Elf:3    | Entered Level 3 of the Elven Halls
 33791 | Elf:3    | Reached skill level 8 in Shapeshifting
 34133 | Elf:3    | Reached ***** piety under Makhleb
 34646 | Elf:3    | Was forgiven by Okawaru
 34829 | Elf:3    | Reached skill level 9 in Shapeshifting
 34843 | Elf:3    | Identified the amulet "Xaetueli" {Reflect rN+ SH+5}
 34843 | Elf:3    | a deep elf pyromancer comes into view. It is wielding a +5
                  | triple sword of flaming, wearing the +5 robe of Night {Dark
                  | Will+ SInv}, wearing the amulet "Xaetueli" {Reflect rN+
                  | SH+5} and carrying a wand of polymorph.
 34849 | Elf:3    | Here: a deep elf pyromancer, wielding a +5 triple sword of
                  | flaming, wearing the +5 robe of Night {Dark Will+ SInv},
                  | wearing the amulet "Xaetueli" {Reflect rN+ SH+5} and
                  | carrying a wand of polymorph (reflecting blocked
                  | projectiles)
 35144 | Elf:3    | Paralysed by an air elemental for 1 turns
 35149 | Elf:3    | Paralysed by an air elemental for 1 turns
 35159 | Elf:3    | Identified the amulet of Eternal Night {RegenMP +Blink rC-
                  | rCorr}
 35163 | Elf:3    | Identified the +7 sling "Bynlioga" {heavy, rCorr Str-5
                  | Dex+5}
 35163 | Elf:3    | Identified the +1 leather armour "Sattiwn" {^Drain rElec
                  | rN+ Will+}
 35167 | Elf:3    | Identified the +9 plate armour "Paqel" {Rampage +Inv MP-9
                  | Int+4}
 35174 | Elf:3    | Identified the staff of Pride {Will+ rCorr Earth}
 35467 | Elf:3    | Reached XP level 21. HP: 199/200 MP: 27/27
 35484 | Elf:3    | Paralysed by an air elemental for 1 turns
 35489 | Elf:3    | Paralysed by an air elemental for 1 turns
 35580 | Elf:3    | Identified the orb of the Butterfly {light, Str+3 Summ Tloc
                  | Earth}
 35587 | Elf:3    | Reached skill level 10 in Shapeshifting
 35870 | Elf:3    | You add the spells Summon Horrible Things and Fire Storm to
                  | your library.
 35870 | Elf:3    | Got the Catalogue of the Dynamic Flock
 35900 | Elf:3    | Identified the +4 mace "Killer Bee's Death" {flame, Int+4
                  | Stlth+}
 35904 | Elf:3    | You pick up a book of Death and begin reading...
 35904 | Elf:3    | You add the spells Animate Dead, Haunt and Infestation to
                  | your library.
 35909 | Elf:3    | Found the +18 shield of the Gong {Loud rN+ Will+ rCorr
                  | EV-5}
 35924 | Elf:3    | You pick up a book of Winter and begin reading...
 35927 | Elf:3    | You pick up a book of Frost and begin reading...
 35930 | Elf:3    | You pick up a book of Decay and begin reading...
 35930 | Elf:3    | You add the spells Martyr's Knell and Death Channel to your
                  | library.
 35932 | Elf:3    | You add the spells Tukima's Dance, Passage of Golubria and
                  | Yara's Violent Unravelling to your library.
 35938 | Elf:3    | Got Sif Muna's Meditations on Location and the Queen Bee
 35948 | Elf:3    | Identified the +6 chain mail of Beufabek {Harm}
 36398 | Vaults:3 | Found a transporter.
 36411 | Vaults:3 | Found a transporter.
 36515 | Vaults:3 | Found a staircase to the Crypt.
 36515 | Vaults:3 | Found a basalt altar of Yredelemnul.
 36516 | Vaults:3 | Found an ancient bone altar of Kikubaaqudgha.
 36766 | Vaults:3 | Reached skill level 11 in Shapeshifting
 36851 | Crypt:1  | Entered Level 1 of the Crypt
 37888 | Crypt:2  | Reached skill level 12 in Shapeshifting
 38045 | Crypt:2  | Reached ****** piety under Makhleb
 38106 | Crypt:2  | Found an ancient bone altar of Kikubaaqudgha.
 38178 | Crypt:2  | Identified the +7 arbalest of Fabluipir {flame, Dex+3}
 38403 | Crypt:3  | Entered Level 3 of the Crypt
 38457 | Crypt:3  | Reached skill level 13 in Shapeshifting
 38676 | Crypt:3  | Identified the staff of Incongruity {rPois rF+ Summ
                  | Alchemy}
 38733 | Crypt:3  | Found a staircase to the Tomb.
 38884 | Crypt:3  | Noticed a dread lich
 38891 | Crypt:3  | Identified the ring of Xom's Righteous Anger {^Drain +Blink
                  | rN+ Str+6}
 38902 | Crypt:3  | Killed a dread lich
 38926 | Crypt:3  | Reached XP level 22. HP: 215/215 MP: 28/28
 38972 | Crypt:3  | Found an ancient bone altar of Kikubaaqudgha.
 38986 | Crypt:3  | Identified the +9 dagger of Distraction {heavy, ^Contam rC+
                  | rN++ Str+3}
 38992 | Crypt:3  | You pick up a book of Hexes and begin reading...
 38995 | Crypt:3  | Identified the ring "Qaxze" {rN+ Dex+4}
 39187 | Crypt:3  | Reached skill level 14 in Shapeshifting
 39970 | Depths:1 | Entered Level 1 of the Depths
 39986 | Depths:1 | Noticed Bai Suzhen
 40013 | D:15     | Killed Bai Suzhen
 40316 | Depths:1 | Found a one-way gate leading to the halls of Pandemonium.
 40460 | Depths:1 | You pick up a book of Fire and begin reading...
 40523 | Depths:1 | Reached skill level 15 in Shapeshifting
 40700 | Depths:1 | Found a gateway to Hell.
 40899 | Depths:1 | magus.rc [v1.9.6]
 41254 | Depths:2 | Found Faffyg's General Store.
 41260 | Depths:2 | Bought a scroll of fog for 68 gold pieces
 41266 | Depths:2 | Found a runed translucent gate.
 41266 | Depths:2 | Found a runed translucent gate.
 41266 | Depths:2 | Found a runed translucent gate.
 41267 | Depths:2 | Noticed an ancient lich
 41267 | Depths:2 | Noticed an ancient lich
 41268 | Depths:2 | Found an ancient bone altar of Kikubaaqudgha.
 41268 | Depths:2 | Noticed Qiwept's ghost (veteran BaIE)
 41268 | Depths:2 | Noticed an ancient lich
 41335 | Depths:2 | Identified the +4 ring mail of the Kitsune {rF+ rC+ Str-2
                  | Slay+6}
 41781 | Depths:2 | Found a one-way gate to the infinite horrors of the Abyss.
 41828 | Depths:2 | Reached skill level 16 in Shapeshifting
 42091 | Depths:2 | Killed an ancient lich
 42106 | Depths:2 | Killed an ancient lich
 42129 | Depths:2 | Killed Qiwept's ghost
 42188 | Depths:2 | Identified the ring of Eternity {rCorr SInv}
 42194 | Depths:2 | Identified the +1 cloak "Daic" {^Contam Fly rCorr Int+3}
 42210 | Depths:2 | You add the spells Borgnjor's Revivification and Death's
                  | Door to your library.
 42229 | Depths:3 | Noticed a caustic shrike
 42229 | Depths:3 | Noticed a juggernaut
 42229 | Depths:3 | Found a magical portal.
 42230 | Depths:3 | Noticed a caustic shrike
 42242 | Depths:3 | Found Locki's Armour Boutique.
 42249 | Depths:3 | Found Yshahipe's Jewellery Shop.
 42281 | WizLab   | Entered Doroklohe's Tomb
 42515 | WizLab   | Noticed a royal mummy
 42528 | WizLab   | Killed a royal mummy
 42908 | Depths:3 | Found Wackeb's Antique Weapon Boutique.
 42979 | Depths:3 | Found a flickering gateway to a bazaar.
 43004 | Bazaar   | Entered a bazaar
 43004 | Bazaar   | Found Jeess's Antique Weapon Emporium.
 43004 | Bazaar   | Found Anou's General Store.
 43004 | Bazaar   | Found Tyetwuwn's Book Shoppe.
 43004 | Bazaar   | Found Dish's Assorted Antiques.
 43014 | Bazaar   | Bought a glowing broad axe for 210 gold pieces
 43017 | Bazaar   | Bought a +0 pair of gloves of strength for 207 gold pieces
 43038 | Bazaar   | Bought a manual of Armour for 1200 gold pieces
 43080 | Depths:3 | Reached skill level 17 in Shapeshifting
 43119 | Depths:3 | Reached XP level 23. HP: 223/223 MP: 29/29
 43198 | Depths:3 | Found an iron altar of Okawaru.
 43242 | Depths:3 | You pick up a book of the Moon and begin reading...
 43719 | Depths:3 | Found a runed translucent door.
 43745 | Depths:3 | Noticed a juggernaut
 43765 | Depths:3 | Killed a juggernaut
 43778 | Depths:3 | Killed a juggernaut
 43788 | Depths:3 | Reached skill level 18 in Shapeshifting
 43795 | Depths:3 | Identified the +12 battleaxe of the Other Side {pain, Will+
                  | rCorr Int+5}
 43807 | Depths:3 | Killed a caustic shrike
 44462 | Depths:3 | Killed a caustic shrike
 44530 | Depths:3 | You pick up a book of Callings and begin reading...
 44534 | Depths:3 | Identified the +10 double sword "Bobicsyp" {freeze, rC++}
 44650 | Depths:4 | Entered Level 4 of the Depths
 44667 | Depths:4 | Found an opulent altar of Gozag.
 44713 | Depths:4 | You pick up a book of the Hunter and begin reading...
 44713 | Depths:4 | You add the spells Sigil of Binding and Dimensional
                  | Bullseye to your library.
 44804 | Depths:4 | Found a one-way gateway to a ziggurat.
 44818 | Depths:4 | Found a corrupted altar of Lugonu.
 44982 | Depths:4 | Found a gate to the Realm of Zot.
 45356 | Depths:4 | Noticed a caustic shrike
 45356 | Depths:4 | Noticed a caustic shrike
 45356 | Depths:4 | Noticed a caustic shrike
 45357 | Depths:4 | Noticed a caustic shrike
 45367 | Depths:4 | Killed a caustic shrike
 45375 | Depths:4 | Killed a caustic shrike
 45387 | Depths:4 | Killed a caustic shrike
 45400 | Depths:4 | Killed a caustic shrike
 45899 | Vaults:5 | Entered Level 5 of the Vaults
 45913 | Vaults:4 | Reached skill level 19 in Shapeshifting
 46148 | Vaults:5 | Identified the amulet of Cynicism {+Inv Regen+ Slay-5
                  | Stlth+}
 46211 | Vaults:4 | Reached XP level 24. HP: 231/231 MP: 29/29
 46368 | Vaults:5 | Reached skill level 20 in Shapeshifting
 46369 | Vaults:5 | a vault warden comes into view. It is wielding the +27
                  | heavy crossbow "Sniper" {heavy, Acc+∞ SInv}.
 46427 | Vaults:5 | Noticed an ancient lich
 46435 | Vaults:5 | Found the +6 arbalest "Damnation" {damnation}
 46467 | Vaults:5 | Killed an ancient lich
 46482 | Vaults:5 | Noticed an ancient lich
 46494 | Vaults:5 | Identified the +11 hand axe of Regicide {venom, Str+2}
 46495 | Vaults:5 | Killed an ancient lich
 46768 | Vaults:5 | You pick up a book of Flames and begin reading...
 46835 | Vaults:5 | Got a silver rune of Zot
 46871 | Vaults:5 | You pick up a book of Spectacle and begin reading...
 46925 | Vaults:5 | Identified the +1 robe of the Sky {+Inv Str+7 Int-5}
 46929 | Vaults:5 | Identified the +1 chain mail of the Distant Future {rN++
                  | Will- rCorr Slay+2}
 47027 | Vaults:5 | Identified the +12 battleaxe "Jear Zoy" {venom, Fly rPois
                  | rC++ Stlth-}
 47027 | Vaults:5 | Identified the ring "Mosunaad" {rN+ MP-9 AC+4 Int+4 Dex+3}
 47074 | Vaults:5 | You pick up a book of Party Tricks and begin reading...
 47074 | Vaults:5 | You add the spells Jinxbite and Alistair's Intoxication to
                  | your library.
 47150 | Vaults:5 | an ironbound convoker comes into view. It is wielding the
                  | +8 Wrath of Trog {antimagic, *Rage Rampage}.
 47161 | Vaults:5 | Identified the +4 rapier "Tudul" {antimagic, Int+6}
 47169 | Vaults:5 | You pick up a book of Flames and begin reading...
 47171 | Vaults:5 | You pick up a book of Battle and begin reading...
 47177 | Vaults:5 | You pick up a book of Power and begin reading...
 47177 | Vaults:5 | You add the spells Iskenderun's Battlesphere and Bombard to
                  | your library.
 47188 | Vaults:5 | You pick up a book of the Moon and begin reading...
 47371 | Vaults:5 | Identified the +7 hand cannon of the Pyrrhic Victory
                  | {antimagic, rN++}
 47371 | Vaults:5 | Identified the ring "Vuav" {*Corrode Fly AC+4 Str+2 Dex+5}
 47625 | Vaults:5 | Identified the +7 glaive of Xemijouq {freeze, rN++}
 47667 | Vaults:5 | Found the dreamshard necklace {Acrobat *Dream}
 47683 | Vaults:5 | Identified the ring of Suawyc {Ice rN+ rCorr Dex+2 Stlth+}
 47691 | Vaults:5 | You pick up a book of Power and begin reading...
 47694 | Vaults:5 | Identified the +1 ring mail of the Blind Marksman {-Tele
                  | Regen+ Dex+3 Stlth+}
 47700 | Vaults:5 | You pick up a book of Party Tricks and begin reading...
 48102 | Zot:1    | Entered Level 1 of the Realm of Zot
 48102 | Zot:1    | Noticed a dread lich
 48117 | Depths:4 | Killed a dread lich
 48135 | Zot:1    | Noticed an ancient lich
 48140 | Zot:1    | Noticed an ancient lich
 48146 | Depths:4 | Killed an ancient lich
 48147 | Depths:4 | Reached skill level 21 in Shapeshifting
 48260 | Zot:1    | Killed an ancient lich
 48276 | Depths:4 | magus.rc [v1.9.6]
 48307 | Zot:1    | Identified +0 gold dragon scales
 48313 | Zot:1    | Identified +0 gold dragon scales
 48317 | Zot:1    | +0 gold dragon scales {rare}; a +0 short sword {short}; a
                  | golden dragon corpse
 48319 | Zot:1    | +0 gold dragon scales {rare}; a +0 short sword {short}; a
                  | golden dragon corpse
 48321 | Zot:1    | +0 gold dragon scales {rare}; a +0 short sword {short}; a
                  | golden dragon corpse
 48598 | Zot:1    | You are sucked into a shaft and drop 1 floor!
 48601 | Zot:2    | Found a shimmering altar of Xom.
 48641 | Zot:2    | Noticed a curse toe
 48663 | Zot:2    | Killed a curse toe
 49178 | Zot:1    | Noticed an orb of fire
 49195 | Zot:1    | Killed an orb of fire
 50210 | Zot:2    | Found a broken altar of Ashenzari.
 50225 | Zot:2    | Found a hide-covered altar of Uskayaw.
 50233 | Zot:2    | Found an ancient bone altar of Kikubaaqudgha.
 50480 | Zot:2    | +0 storm dragon scales {rare}; a storm dragon corpse
 50535 | Zot:2    | +0 storm dragon scales {rare}; a storm dragon corpse
 50551 | Zot:2    | +0 storm dragon scales {rare}; a storm dragon corpse
 50564 | Zot:2    | +0 storm dragon scales {rare}; a storm dragon corpse
 50571 | Zot:2    | +0 storm dragon scales {rare}; a storm dragon corpse
 50622 | Zot:2    | +0 storm dragon scales {rare}; a storm dragon corpse
 50628 | Zot:2    | +0 storm dragon scales {rare}; a storm dragon corpse
 50696 | Zot:2    | +0 storm dragon scales {rare}; a storm dragon corpse
 50701 | Zot:2    | +0 storm dragon scales {rare}; a storm dragon corpse
 50712 | Zot:2    | Reached skill level 22 in Shapeshifting
 50826 | Zot:2    | +0 storm dragon scales {rare}; a storm dragon skeleton
 50831 | Zot:2    | +0 storm dragon scales {rare}; a storm dragon skeleton
 51118 | Zot:2    | Reached XP level 25. HP: 157/238 MP: 20/29
 51271 | Zot:2    | Identified +0 gold dragon scales
 51275 | Zot:2    | +0 gold dragon scales {rare}; +0 storm dragon scales
                  | {rare}; a golden dragon corpse
 51439 | Zot:3    | You pick up a book of the Hunter and begin reading...
 51507 | Zot:3    | Gained mutation: Your magical capacity is low. (-10% MP) [a
                  | shining eye]
 51507 | Zot:3    | Gained mutation: You are dopey. (Int -2) [a shining eye]
 51508 | Zot:3    | Gained mutation: You are frail. (-10% HP) [a shining eye]
 51508 | Zot:3    | Gained mutation: You are very dopey. (Int -4) [a shining
                  | eye]
 52045 | Zot:4    | Noticed an electric golem
 52045 | Zot:4    | Noticed a curse toe
 52077 | Zot:4    | Killed a curse toe
 52089 | Zot:4    | Killed an electric golem
 52475 | Zot:4    | Identified the +1 halberd "Kaqewuts" {antimagic, Fly rElec
                  | rC- Dex+4}
 52814 | Zot:5    | Entered Level 5 of the Realm of Zot
 53416 | Zot:5    | Reached skill level 23 in Shapeshifting
 53433 | Zot:5    | Identified +0 gold dragon scales
 53460 | Zot:4    | Lost mutation: You are very dopey. (Int -4) [potion of
                  | mutation]
 53460 | Zot:4    | Lost mutation: You are frail. (-10% HP) [potion of
                  | mutation]
 53460 | Zot:4    | Gained mutation: You are vulnerable to cold. (rC-) [potion
                  | of mutation]
 53460 | Zot:4    | Gained mutation: You are resistant to electric shocks.
                  | (rElec) [potion of mutation]
 53460 | Zot:4    | Gained mutation: Your muscles are strong. (Str +4, Int/Dex
                  | -1) [potion of mutation]
 53461 | Zot:4    | Lost mutation: You are vulnerable to cold. (rC-) [potion of
                  | mutation]
 53461 | Zot:4    | Lost mutation: Your magical capacity is low. (-10% MP)
                  | [potion of mutation]
 53461 | Zot:4    | Gained mutation: You are covered in fur. (AC +1) [potion of
                  | mutation]
 53461 | Zot:4    | Gained mutation: You are strong-willed. (Will+) [potion of
                  | mutation]
 53461 | Zot:4    | Gained mutation: You are frail. (-10% HP) [potion of
                  | mutation]
 53462 | Zot:4    | Lost mutation: You are resistant to electric shocks.
                  | (rElec) [potion of mutation]
 53462 | Zot:4    | Lost mutation: You are frail. (-10% HP) [potion of
                  | mutation]
 53462 | Zot:4    | Gained mutation: You are frail. (-10% HP) [potion of
                  | mutation]
 53463 | Zot:4    | Lost mutation: You are strong-willed. (Will+) [potion of
                  | mutation]
 53463 | Zot:4    | Lost mutation: You are covered in fur. (AC +1) [potion of
                  | mutation]
 53463 | Zot:4    | Lost mutation: Your muscles are strong. (Str +4, Int/Dex
                  | -1) [potion of mutation]
 53463 | Zot:4    | Gained mutation: Your body sometimes deteriorates upon
                  | taking damage. [potion of mutation]
 53464 | Zot:4    | Lost mutation: You are frail. (-10% HP) [potion of
                  | mutation]
 53464 | Zot:4    | Lost mutation: Your body sometimes deteriorates upon taking
                  | damage. [potion of mutation]
 53464 | Zot:4    | Gained mutation: Your system is resistant to poisons.
                  | (rPois) [potion of mutation]
 53465 | Zot:4    | Lost mutation: You are dopey. (Int -2) [potion of mutation]
 53465 | Zot:4    | Lost mutation: Your system is resistant to poisons. (rPois)
                  | [potion of mutation]
 53465 | Zot:4    | Gained mutation: You occasionally lose the ability to read
                  | scrolls when taking damage. [potion of mutation]
 53466 | Zot:4    | Lost mutation: You occasionally lose the ability to read
                  | scrolls when taking damage. [potion of mutation]
 53466 | Zot:4    | Gained mutation: You have a pair of large horns on your
                  | head. [potion of mutation]
 53466 | Zot:4    | Gained mutation: You are weak. (Str -2) [potion of
                  | mutation]
 53466 | Zot:4    | Gained mutation: You have sharp toenails. [potion of
                  | mutation]
 53467 | Zot:4    | Lost mutation: You have sharp toenails. [potion of
                  | mutation]
 53467 | Zot:4    | Lost mutation: You have a pair of large horns on your head.
                  | [potion of mutation]
 53467 | Zot:4    | Gained mutation: Your flesh is cold resistant. (rC+)
                  | [potion of mutation]
 53467 | Zot:4    | Gained mutation: You occasionally lose the ability to drink
                  | potions when taking damage. [potion of mutation]
 53467 | Zot:4    | Gained mutation: You are partially covered in iridescent
                  | scales. (AC +2) [potion of mutation]
 53468 | Zot:4    | Lost mutation: You are partially covered in iridescent
                  | scales. (AC +2) [potion of mutation]
 53468 | Zot:4    | Lost mutation: You occasionally lose the ability to drink
                  | potions when taking damage. [potion of mutation]
 53468 | Zot:4    | Gained mutation: You occasionally lose the ability to read
                  | scrolls when taking damage. [potion of mutation]
 53468 | Zot:4    | Gained mutation: You are partially covered in iridescent
                  | scales. (AC +2) [potion of mutation]
 53468 | Zot:4    | Gained mutation: You are covered in fur. (AC +1) [potion of
                  | mutation]
 53469 | Zot:4    | Lost mutation: You are partially covered in iridescent
                  | scales. (AC +2) [potion of mutation]
 53469 | Zot:4    | Lost mutation: Your flesh is cold resistant. (rC+) [potion
                  | of mutation]
 53469 | Zot:4    | Gained mutation: You are clumsy. (Dex -2) [potion of
                  | mutation]
 53469 | Zot:4    | Gained mutation: Your movements are slightly less
                  | encumbered by armour. (ER -2) [potion of mutation]
 53470 | Zot:4    | Lost mutation: You occasionally lose the ability to read
                  | scrolls when taking damage. [potion of mutation]
 53470 | Zot:4    | Lost mutation: You are clumsy. (Dex -2) [potion of
                  | mutation]
 53470 | Zot:4    | Lost mutation: You are covered in fur. (AC +1) [potion of
                  | mutation]
 53470 | Zot:4    | Gained mutation: Your mind is acute. (Int +4, Str/Dex -1)
                  | [potion of mutation]
 53471 | Zot:4    | Lost mutation: You are weak. (Str -2) [potion of mutation]
 53471 | Zot:4    | Lost mutation: Your movements are slightly less encumbered
                  | by armour. (ER -2) [potion of mutation]
 53471 | Zot:4    | Lost mutation: Your mind is acute. (Int +4, Str/Dex -1)
                  | [potion of mutation]
 53471 | Zot:4    | Gained mutation: You are frail. (-10% HP) [potion of
                  | mutation]
 53471 | Zot:4    | Gained mutation: You have hidden genetic defects. [potion
                  | of mutation]
 53472 | Zot:4    | Lost mutation: You are frail. (-10% HP) [potion of
                  | mutation]
 53472 | Zot:4    | Lost mutation: You have hidden genetic defects. [potion of
                  | mutation]
 53472 | Zot:4    | Gained mutation: You have sharp toenails. [potion of
                  | mutation]
 53472 | Zot:4    | Gained mutation: You are strong-willed. (Will+) [potion of
                  | mutation]
 53472 | Zot:4    | Gained mutation: You passively map a small area around you.
                  | [potion of mutation]
 53472 | Zot:4    | Gained mutation: Your movements are slightly less
                  | encumbered by armour. (ER -2) [potion of mutation]
 53576 | Zot:2    | +0 gold dragon scales {rare}; +0 storm dragon scales
                  | {rare}; a golden dragon skeleton
 53604 | Zot:1    | +0 gold dragon scales {rare}; a +0 short sword {short}
 53953 | D:4      | Bought the ring "Xyqusm" {Fire rElec Dex+4} for 616 gold
                  | pieces
 54169 | Slime:1  | Entered Level 1 of the Pits of Slime
 54379 | Slime:4  | Reached skill level 23 in Armour
 54457 | Slime:5  | Entered Level 5 of the Pits of Slime
 54513 | Slime:5  | Reached skill level 23 in Fighting
 54516 | Slime:5  | Noticed the Royal Jelly
 54518 | Slime:5  | Reached skill level 24 in Armour
 54538 | Slime:5  | Killed the Royal Jelly
 54583 | Slime:5  | Found the +7 great mace "Firestarter" {flame, immolate,
                  | rFlCloud rF++}
 54592 | Slime:5  | Got a starry gem with 241 turns to spare
 54594 | Slime:5  | Got a slimy rune of Zot
 54605 | Slime:5  | You pick up a book of Party Tricks and begin reading...
 54638 | Slime:5  | Identified the +7 chain mail of Fallacy {Dex+3}
 54957 | Depths:2 | Voluntarily entered the Abyss.
 54959 | Abyss:1  | Found a corrupted altar of Lugonu.
 54974 | Abyss:1  | Found a corrupted altar of Lugonu.
 55013 | Abyss:1  | Found a corrupted altar of Lugonu.
 55045 | Abyss:1  | Found a corrupted altar of Lugonu.
 55045 | Abyss:1  | Found a corrupted altar of Lugonu.
 55204 | Abyss:1  | Found a corrupted altar of Lugonu.
 55243 | Abyss:1  | Noticed a dread lich
 55252 | Abyss:1  | Killed a dread lich
 55391 | Abyss:1  | Reached skill level 25 in Armour
 55441 | Abyss:1  | Noticed a dread lich
 55456 | Abyss:1  | Killed a dread lich
 55494 | Abyss:1  | Found a corrupted altar of Lugonu.
 55503 | Abyss:1  | Found a corrupted altar of Lugonu.
 55503 | Abyss:1  | Found a corrupted altar of Lugonu.
 55557 | Abyss:1  | Paralysed by accursed screaming for 2 turns
 55568 | Abyss:1  | Reached XP level 26. HP: 225/253 MP: 29/29
 55606 | Abyss:1  | Found a corrupted altar of Lugonu.
 55694 | Abyss:2  | Found a corrupted altar of Lugonu.
 55732 | Abyss:3  | Found a corrupted altar of Lugonu.
 55925 | Abyss:3  | Reached skill level 24 in Fighting
 55990 | Abyss:3  | Paralysed by you for 1 turns
 55997 | Abyss:3  | Reached skill level 26 in Armour
 56028 | Abyss:3  | Paralysed by you for 1 turns
 56042 | Abyss:3  | Got an abyssal rune of Zot
 56060 | Depths:2 | You pass through the gate.
 56060 | Depths:2 | Escaped the Abyss
 56102 | Pan      | Entered Pandemonium
 56103 | Pan      | magus.rc [v1.9.6]
 56417 | Pan      | Found a runed translucent door.
 56463 | Pan      | Noticed Orion the pandemonium lord
 56492 | Pan      | Paralysed by Orion for 1 turns
 56510 | Pan      | Killed Orion the pandemonium lord
 56522 | Pan      | Reached skill level 25 in Fighting
 56565 | Pan      | Noticed Umamafes the pandemonium lord
 56583 | Pan      | Reached skill level 11 in Invocations
 56585 | Pan      | Killed Umamafes the pandemonium lord
 56592 | Pan      | Noticed Ignacio
 56614 | Pan      | Killed Ignacio
 56756 | Pan      | Entered the realm of Lom Lobon.
 56838 | Pan      | Reached skill level 12 in Invocations
 57286 | Pan      | Got a magical rune of Zot
 57310 | Pan      | Reached skill level 26 in Fighting
 57355 | Pan      | Entered the realm of Cerebov.
 57372 | Pan      | Reached skill level 13 in Invocations
 57725 | Pan      | Reached XP level 27. HP: 256/270 MP: 32/32
 57736 | Pan      | Found the +6 sword of Cerebov {flame}
 57736 | Pan      | Noticed Cerebov
 57736 | Pan      | Cerebov, Demon Lord of Fire and Steel comes into view. They
                  | are wielding the +6 sword of Cerebov {flame}.
 57777 | Pan      | Killed Cerebov
 57778 | Pan      | Reached skill level 14 in Invocations
 57836 | Pan      | You pick up a book of the Spheres and begin reading...
 57836 | Pan      | You add the spells Brom's Barrelling Boulder and Conjure
                  | Ball Lightning to your library.
 57838 | Pan      | Got the Quarto of the Cucurbite
 57854 | Pan      | Identified the ring "Rubricha" {rN+ Str+3}
 57876 | Pan      | Identified the +2 hand cannon of Famine {freeze, rCorr}
 57881 | Pan      | Identified the ring of Patua {rF++ rN+ EV+5}
 57898 | Pan      | Got a fiery rune of Zot
 58323 | Pan      | Reached skill level 15 in Invocations
 58367 | Pan      | Identified the +8 spear of Unwucwir {venom, rF++ Will+
                  | MP+9}
 58401 | Pan      | Entered the realm of Gloorx Vloq.
 58446 | Pan      | Noticed Gloorx Vloq
 58498 | Pan      | Killed Gloorx Vloq
 58506 | Pan      | Reached skill level 16 in Invocations
 58549 | Pan      | Got a dark rune of Zot
 58640 | Pan      | Noticed a curse skull
 58648 | Pan      | Killed a curse skull
 58770 | Pan      | Reached skill level 21 in Axes
 58909 | Pan      | Entered the realm of Mnoleg.
 58963 | Pan      | Noticed Lom Lobon
 59074 | Pan      | Noticed Mnoleg
 59145 | Pan      | Reached skill level 22 in Axes
 59170 | Pan      | HP: 65/271 [Mnoleg (10)]
 59175 | Pan      | HP: 52/271 [cacodemon/bolt of devastation (16)]
 59553 | Pan      | Reached skill level 23 in Axes
 59729 | Pan      | Paralysed by an eldritch tentacle for 1 turns
 59730 | Pan      | HP: 60/271 [eldritch tentacle[Mnoleg] (27)]
 60652 | Pan      | Got a glowing rune of Zot
 60721 | Depths:2 | You pass through the gate.
 60721 | Depths:2 | Escaped Pandemonium
 60743 | Pan      | Entered Pandemonium
 60758 | Pan      | Found a runed translucent door.
 60760 | Pan      | Found a runed translucent door.
 60770 | Depths:2 | You pass through the gate.
 60770 | Depths:2 | Escaped Pandemonium
 60847 | Pan      | Entered Pandemonium
 60891 | Pan      | Noticed Mennas
 60905 | Pan      | Found an exit through the horrors of the Abyss.
 61082 | Pan      | Noticed Zeixzom the pandemonium lord
 61118 | Pan      | HP: 45/271 [Hell Sentinel/damnation[Zeixzom] (36)]
 61122 | Pan      | Took an exit into the Abyss.
 61122 | Abyss:3  | You pass through the gate.
 61122 | Abyss:3  | Escaped into the Abyss
 61324 | Abyss:3  | Reached skill level 24 in Axes
 61419 | Abyss:3  | Found a blossoming altar of Fedhas.
 61425 | Abyss:3  | Found a corrupted altar of Lugonu.
 61453 | Depths:2 | You pass through the gate.
 61453 | Depths:2 | Escaped the Abyss
 61456 | Pan      | Entered Pandemonium
 61662 | Pan      | Noticed Xughejo the pandemonium lord
 61756 | Pan      | Killed Xughejo the pandemonium lord
 61808 | Pan      | Found an exit through the horrors of the Abyss.
 61812 | Pan      | Identified the +1 spear of Irritation {distort, *Corrode
                  | rN+ Int+3 Dex+3}
 62196 | Pan      | Reached skill level 25 in Axes
 62226 | Pan      | Noticed Dalaf the pandemonium lord
 62331 | Pan      | Found an exit through the horrors of the Abyss.
 62392 | Pan      | Noticed Mennas
 62405 | Pan      | Took an exit into the Abyss.
 62405 | Abyss:3  | You pass through the gate.
 62405 | Abyss:3  | Escaped into the Abyss
 62432 | Depths:2 | You pass through the gate.
 62432 | Depths:2 | Escaped the Abyss
 62434 | Pan      | Entered Pandemonium
 62515 | Pan      | Reached skill level 15 in Dodging
 62522 | Pan      | Noticed Wofafa the pandemonium lord
 62543 | Pan      | Killed Wofafa the pandemonium lord
 62650 | Pan      | Reached skill level 16 in Dodging
 62740 | Pan      | Identified the +6 broad axe of Destiny {freeze, Str+5 SInv
                  | Stlth+}
 63137 | Pan      | You pick up a book of the Hunter and begin reading...
 63301 | Pan      | Reached skill level 17 in Dodging
 63585 | Pan      | Identified the +0 robe of Dice, Bag, and Bottle {Dex+6}
 63763 | Pan      | Reached skill level 18 in Dodging
 63850 | Pan      | Noticed Jianeshru the pandemonium lord
 63886 | Pan      | Killed Jianeshru the pandemonium lord
 64036 | Pan      | Reached skill level 19 in Dodging
 64110 | Pan      | Noticed Unuowkil the pandemonium lord
 64119 | Pan      | Killed Unuowkil the pandemonium lord
 64277 | Pan      | Got a demonic rune of Zot
 64298 | Pan      | Noticed Finip the pandemonium lord
 64314 | Pan      | Killed Finip the pandemonium lord
 64325 | Pan      | Reached skill level 20 in Dodging
 64377 | Pan      | Identified the granite talisman "Liblol" {Int+3 Stlth+}
 64539 | Depths:2 | You pass through the gate.
 64539 | Depths:2 | Escaped Pandemonium
 64552 | Hell     | Entered the Vestibule of Hell
 64552 | Hell     | Noticed Geryon
 64571 | Hell     | Killed Geryon
 64669 | Hell     | Reached skill level 17 in Shields
 64705 | Hell     | Found a gateway to the freezing wastes of Cocytus.
 64761 | Hell     | Noticed a curse skull
 64771 | Hell     | Killed a curse skull
 64800 | Hell     | Reached skill level 18 in Shields
 64832 | Hell     | Found a gateway to the decaying netherworld of Tartarus.
 64929 | Hell     | Found a gateway to the ashen valley of Gehenna.
 65141 | Hell     | Found a gateway to the Iron City of Dis.
 65212 | Hell     | magus.rc [v1.9.6]
 65212 | Hell     | magus.rc [v1.9.6]
 65235 | Geh:1    | Entered Level 1 of Gehenna
 65303 | Geh:1    | Reached skill level 19 in Shields
 65428 | Geh:2    | Reached skill level 20 in Shields
 65685 | Geh:3    | Reached skill level 17 in Invocations
 65822 | Geh:5    | Noticed an ancient lich
 65824 | Geh:5    | Reached skill level 18 in Invocations
 65835 | Geh:5    | Killed an ancient lich
 66180 | Geh:6    | Reached skill level 19 in Invocations
 66203 | Geh:7    | Entered Level 7 of Gehenna
 66571 | Geh:7    | Reached skill level 20 in Invocations
 67026 | Geh:7    | Identified the amulet of Lugonu's Envy {Regen+ Dex+3}
 67274 | Geh:7    | Found the +13 sceptre of Asmodeus
 67274 | Geh:7    | Noticed Asmodeus
 67274 | Geh:7    | Asmodeus, Prince of Gehenna comes into view. He is wielding
                  | the +13 sceptre of Asmodeus.
 67285 | Geh:7    | HP: 67/271 [hellion/damnation[Asmodeus] (30)]
 67293 | Geh:7    | HP: 12/271 [hellion/damnation[Asmodeus] (20)]
 67294 | Geh:7    | Killed from afar by a hellion

Vanquished Creatures
  Cerebov (Pan)
  the Royal Jelly (Slime:5)
  Gloorx Vloq (Pan)
  7 ancient liches
  5 dread liches
  An orb of fire (Zot:1)
  2 juggernauts (Depths:3)
  Bai Suzhen (D:15)
  A royal mummy (WizLab)
  The ghost of Qiwept the Fencer, a veteran BaIE of Cheibriados (Depths:2)
  2 curse toes
  6 pandemonium lords (Pan)
  6 caustic shrikes
  Geryon (Hell)
  4 bone dragons
  8 golden dragons
  11 Brimstone Fiends
  2 doom hounds (Geh:2)
  8 Tzitzimimeh (Pan)
  An electric golem (Zot:4)
  A shard shrike zombie (Crypt:2)
  21 hellephants
  Jorgrun (Swamp:1)
  12 tentacled monstrosities
  2 Ice Fiends (Pan)
  20 liches
  2 Orb Guardians (Zot:4)
  13 titans
  4 sphinxes
  6 Hell Sentinels (Pan)
  A walking divine tome (Depths:3)
  5 deep elf blademasters
  19 searing wretches
  4 quicksilver dragons
  13 acid blobs
  18 Executioners (Pan)
  8 deep elf master archers
  3 ancient champions
  5 tengu reavers
  9 death cobs
  4 tentacled starspawn
  3 shadow dragons
  10 azure jellies
  2 thorn hunters (Swamp:4)
  5 protean progenitors
  10 storm dragons
  Aizul (Swamp:1)
  32 fire giants
  9 frost giants
  A nagaraja (Pan)
  12 rockslimes
  6 draconian monks
  2 revenants
  14 vault wardens
  2 fenstrider witches
  5 draconian scorchers
  3 imperial myrmidons (Desolation)
  5 draconian shifters
  Louise (D:15)
  4 emperor scorpions
  10 deep elf sorcerers
  4 iron dragons
  16 cacodemons (Pan)
  42 balrugs
  5 demonspawn warmongers (Pan)
  9 ghost moths
  4 deep elf elementalists
  2 caustic shrike zombies
  2 curse skulls
  An angel (Pan)
  6 juggernaut skeletons
  18 very ugly things
  7 orc warlords
  14 reapers
  17 ironbound preservers
  4 draconian annihilators
  4 draconian stormcallers
  8 formless jellyfish
  22 stone giants
  A spriggan defender (Depths:3)
  4 caustic shrike skeletons (Pan)
  8 demonspawn corrupters (Pan)
  7 quicksilver oozes
  9 demonspawn blood saints (Pan)
  5 ironbound thunderhulks
  A broodmother (Spider:1)
  6 vampire knights
  8 deep elf demonologists
  2 green draconians
  14 deep elf death magi
  10 lorocyprocas
  6 demonspawn black suns (Pan)
  4 deep elf annihilators
  9 starcursed masses
  7 purple draconians
  3 black draconians
  2 bunyips
  10 red draconians
  A wendigo (Pan)
  4 minotaurs
  7 dire elephants
  10 war gargoyles
  6 yellow draconians
  7 spark wasps
  6 white draconians
  3 halazid warlocks (Desolation)
  Snorg (Orc:1)
  A merfolk javelineer (Desolation)
  8 ettins
  16 blizzard demons
  3 eidola
  14 green deaths (Pan)
  5 mummy priests (WizLab)
  3 crystal guardians (Crypt:3)
  9 fire dragons
  3 elf zombies
  A quicksilver dragon zombie (Hell)
  4 merfolk impalers
  10 yaktaur captains
  3 deep elf high priests (Elf:3)
  6 entropy weavers
  11 ragged hierophants (Desolation)
  A fenstrider witch zombie (Crypt:1)
  Josephine (Lair:4)
  10 great orbs of eyes
  9 servants of whispers (Desolation)
  38 vault guards
  11 hell beasts
  13 jiangshi
  Harold (Orc:1)
  5 peacekeepers (Desolation)
  4 salamander tyrants
  4 spriggan air magi
  8 alligators
  13 centaur warriors
  8 ironbound frosthearts
  22 hydras
  9 rakshasas
  5 jorogumos
  2 catoblepae
  5 ogre magi
  7 ice dragons
  Erica (D:9)
  A merfolk aquamancer (Pan)
  2 spriggan skeletons
  2 naga warriors (Elf:3)
  4 boulder beetles
  9 stokers
  10 death scarabs (Spider:4)
  20 dancing weapons
  4 radroaches
  54 hell hogs
  A death knight (Crypt:1)
  9 two-headed ogres
  13 deep troll shamans
  3 occultists
  9 demonic crawlers
  6 deep troll earth magi
  6 orc high priests
  A death yak (Lair:5)
  8 thrashing horrors
  3 tengu warriors
  3 vampire magi
  A shock serpent (shapeshifter) (Vaults:5)
  34 soul eaters
  Urug (Orc:1)
  6 spriggan berserkers
  21 spriggans
  9 hell knights
  4 titan zombies
  91 sun demons
  A spectral emperor scorpion (Spider:4)
  16 deep elf knights
  18 skeletal warriors
  10 wretched stars
  5 iron trolls
  Amaemon (Lair:3)
  3 fire crabs (Geh:2)
  A storm dragon zombie (Crypt:2)
  7 pharaoh ants
  A sea snake (shapeshifter) (Vaults:5)
  2 spark wasp zombies (Hell)
  A golden dragon zombie (Crypt:3)
  29 sixfirhies
  A death drake (Abyss:1)
  2 goliath frogs
  A storm dragon skeleton (Crypt:2)
  8 flayed ghosts
  5 swamp dragons
  5 orb spiders
  6 glowing orange brains
  75 deep trolls
  11 lindwurms
  26 shadow demons
  7 bog bodies
  7 sun moths
  An anaconda skeleton (Hell)
  2 spriggan druids (Swamp:3)
  A bunyip skeleton (Crypt:3)
  5 arcanists
  30 ironbound convokers
  17 orc knights
  20 deep elf archers
  7 phantasmal warriors
  9 necromancers
  4 steelbarb worms
  3 frost giant zombies (Hell)
  13 wolf spiders
  An alligator zombie (Hell)
  2 tengu zombies
  22 deep elf pyromancers
  2 harpies
  11 orc sorcerers
  24 deep elf zephyrmancers
  34 ugly things
  A cyclops (shapeshifter) (Vaults:5)
  2 fire giant zombies (Hell)
  A wolf spider zombie (Spider:4)
  7 shining eyes
  3 cyclopes
  2 iron dragon zombies
  3 stone giant zombies
  2 sphinx simulacra
  2 alligator skeletons (Hell)
  2 manticores
  12 meliai
  A centaur zombie (Crypt:3)
  22 elephants
  25 moths of wrath
  A guardian serpent (Desolation)
  3 kobold blastminers
  5 black mambas
  19 vault sentinels
  An orc zombie (Crypt:3)
  52 smoke demons
  7 molten gargoyles
  2 gargoyles
  18 orange demons
  A naga mage (Elf:3)
  5 eyes of devastation
  An apocalypse crab (Abyss:1)
  4 torpor snails
  An ice statue (Hell)
  14 rust devils
  An alligator snapping turtle zombie (Crypt:2)
  A kobold demonologist (D:10)
  3 rime drakes
  9 cane toads
  4 dire elephant skeletons
  15 large abominations
  An unseen horror zombie (Crypt:2)
  A centaur skeleton (Crypt:3)
  An unseen horror (shapeshifter) (D:14)
  2 spectral redbacks (Spider:4)
  An unseen horror (Abyss:3)
  5 efreet
  2 ice devils
  3 freezing wraiths
  6 hellions
  12 komodo dragons
  10 tormentors
  6 tengu conjurers
  2 hydra zombies (Hell)
  10 trolls
  10 yaktaurs
  A harpy zombie (Crypt:3)
  9 red devils
  4 guardian mummies (WizLab)
  A queen bee (shapeshifter) (Elf:2)
  12 merfolk
  A bloated husk (Swamp:4)
  An ancient zyme (Abyss:1)
  3 tyrant leeches
  4 spectral jumping spiders (Spider:4)
  29 hellwings (Pan)
  10 hornets
  7 polar bears
  2 jumping spider zombies (Spider:4)
  A queen bee (Spider:4)
  24 tarantellas
  A hydra skeleton (Hell)
  A polar bear (shapeshifter) (Vaults:5)
  12 wind drakes (Pan)
  2 spectral tarantellas (Spider:4)
  A tengu simulacrum (Depths:2)
  2 spectral culicivoras (Spider:4)
  A stone giant simulacrum (Vaults:5)
  57 saltlings (Desolation)
  2 tarantella zombies (Spider:4)
  4 raiju
  8 glass eyes
  20 blink frogs
  2 dream sheep (Lair:5)
  A glass eye (shapeshifter) (Elf:3)
  A human simulacrum (Vaults:5)
  16 jumping spiders
  6 ettin zombies
  A culicivora (shapeshifter) (Depths:4)
  11 ynoxinuls
  91 slime creatures
  4 shadows
  44 yaks
  8 water elementals
  6 air elementals
  A human (D:13)
  2 vampires
  13 wraiths
  7 wyverns
  4 basilisks
  21 culicivoras
  3 golden eyes
  A steam dragon (D:5)
  23 vampire mosquitoes
  5 fire bats (Abyss:3)
  5 wargs
  29 redbacks
  29 neqoxecs
  29 chaos spawn
  7 swamp worms
  A naga (Elf:3)
  A glowing shapeshifter zombie (Hell)
  An acid dragon (D:12)
  A skyshark zombie (Crypt:1)
  A faun skeleton (Crypt:1)
  A hydra simulacrum (Hell)
  11 swamp drakes
  25 orc warriors
  12 water moccasins
  A glowing shapeshifter skeleton (Crypt:2)
  An ice beast (D:5)
  A two-headed ogre skeleton (Crypt:2)
  2 sky beasts
  45 laughing skulls
  9 black bears
  3 human zombies
  9 ogres
  12 small abominations
  23 wolves
  7 boggarts
  12 centaurs
  A phantom (D:6)
  2 weeping skulls
  2 kobold brigands
  3 necrophages (Crypt:3)
  12 bullfrogs
  4 gnoll sergeants
  6 earth elementals
  A glowing shapeshifter simulacrum (Vaults:5)
  A yaktaur skeleton (Crypt:1)
  8 scorpions
  32 killer bees
  5 spriggan zombies
  An electric eel (D:15)
  A crimson imp (D:9)
  2 quasits
  13 orc priests
  A jelly (D:7)
  Crazy Yiuf (D:6)
  6 hounds
  2 gnoll boudas
  An iron imp (Abyss:1)
  A sleepcap (D:5)
  3 iguanas
  Terence (D:3)
  22 orc wizards
  8 hell rats (Hell)
  An ice beast zombie (Crypt:1)
  2 naga skeletons
  Robin (D:4)
  36 gnolls
  5 adders
  6 white imps
  2 ufetubi (Abyss:3)
  An iguana zombie (Crypt:1)
  A jelly zombie (Crypt:2)
  4 dart slugs (D:3)
  5 ribbon worms
  91 orcs
  9 ball pythons
  6 bats
  9 endoplasms
  4 giant cockroaches
  14 goblins
  14 hobgoblins
  6 jackals
  10 quokkas
  4 frilled lizards
  A giant cockroach zombie (Crypt:2)
  23 kobolds
  8 rats
  An aspiring flesh (Pan)
  5 creeping infernos
  22 fire vortices
  2 lurking horrors
  11 starspawn tentacles
3327 creatures vanquished.

Vanquished Creatures (collateral kills)
  Ignacio (Pan)
  A cacodemon (Pan)
  A sun demon (Pan)
  A sixfirhy (Pan)
  An orange demon (Pan)
5 creatures vanquished.

Vanquished Creatures (others)
  A pandemonium lord (Pan)
  A Brimstone Fiend (Pan)
  2 hellephants
  A tentacled monstrosity (Pan)
  5 eldritch tentacles (Pan)
  A draconian knight (Zot:2)
  2 nagarajas (Pan)
  A ghost moth (Pan)
  3 cacodemons (Pan)
  A draconian annihilator (Pan)
  A demonspawn blood saint (Pan)
  A lorocyproca (Pan)
  A deep elf annihilator (Elf:3)
  A green death (Pan)
  A rakshasa (Pan)
  A spriggan air mage (Pan)
  A hell hog (Geh:5)
  A soul eater (Pan)
  A deep elf knight (Elf:1)
  A sun demon (Pan)
  2 sixfirhies (Pan)
  A shadow demon (Pan)
  A sun moth (Pan)
  5 deep elf pyromancers
  An ugly thing (Pan)
  4 orange demons (Pan)
  A smoke demon (Pan)
  A tormentor (Pan)
  A bloated husk (Swamp:2)
  A fire bat (Abyss:3)
  4 neqoxecs (Pan)
  5 chaos spawn (Pan)
  A swamp drake (Swamp:4)
  A centaur (Desolation)
  An orc wizard (Orc:2)
  An orc (Desolation)
  6 ball lightnings (Pan)
  4 creeping infernos
  9 starspawn tentacles
78 creatures vanquished.

Grand Total: 3410 creatures vanquished

Table legend:
 A = Non-vault XP
 B = Vault XP
 C = Vault XP percentage of total XP
 D = Non-vault monster count
 E = Vault monster count
 F = Vault count percentage of total count
                 A         B        C        D         E       F
            +---------+---------+-------+---------+---------+-------
      Total | 1152776 |  940711 |  44.9 |    1968 |    1204 |  38.0
            +---------+---------+-------+---------+---------+-------
        D:1 |      74 |       8 |   9.8 |      22 |       4 |  15.4
        D:2 |      75 |       6 |   7.4 |      21 |       2 |   8.7
        D:3 |      86 |      49 |  36.3 |      19 |       7 |  26.9
        D:4 |     236 |     136 |  36.6 |      33 |      19 |  36.5
        D:5 |     725 |     460 |  38.8 |      18 |       8 |  30.8
        D:6 |    1363 |      40 |   2.9 |      33 |       1 |   2.9
        D:7 |    1691 |       0 |   0.0 |      38 |       0 |   0.0
        D:8 |    1813 |       0 |   0.0 |      22 |       0 |   0.0
        D:9 |    1029 |     884 |  46.2 |      11 |       2 |  15.4
       D:10 |    2358 |       4 |   0.2 |      19 |       1 |   5.0
       D:11 |    3221 |    1053 |  24.6 |      30 |       9 |  23.1
       D:12 |    3997 |       0 |   0.0 |      16 |       0 |   0.0
       D:13 |    2140 |    7435 |  77.7 |      10 |      13 |  56.5
       D:14 |   14261 |       0 |   0.0 |      24 |       0 |   0.0
       D:15 |   10274 |    7859 |  43.3 |      19 |       7 |  26.9
     Lair:1 |    6887 |       0 |   0.0 |      27 |       0 |   0.0
     Lair:2 |    8202 |     911 |  10.0 |      29 |       5 |  14.7
     Lair:3 |    5735 |    2036 |  26.2 |      20 |       6 |  23.1
     Lair:4 |   10377 |    3082 |  22.9 |      33 |      10 |  23.3
     Lair:5 |   13178 |    9187 |  41.1 |      37 |      46 |  55.4
    Swamp:1 |    7622 |    3277 |  30.1 |      18 |       2 |  10.0
    Swamp:2 |    1998 |       0 |   0.0 |       4 |       0 |   0.0
    Swamp:3 |    7402 |     262 |   3.4 |      17 |       2 |  10.5
    Swamp:4 |   11797 |   18723 |  61.3 |      21 |      29 |  58.0
   Spider:1 |    8123 |       0 |   0.0 |      21 |       0 |   0.0
   Spider:2 |    4654 |       0 |   0.0 |      11 |       0 |   0.0
   Spider:3 |   22225 |       0 |   0.0 |      56 |       0 |   0.0
   Spider:4 |   17693 |   33543 |  65.5 |      34 |      81 |  70.4
    Slime:1 |   11896 |       0 |   0.0 |      29 |       0 |   0.0
    Slime:2 |    4365 |       0 |   0.0 |       5 |       0 |   0.0
    Slime:4 |   17502 |     857 |   4.7 |      30 |       1 |   3.2
    Slime:5 |   13092 |   21449 |  62.1 |      28 |      16 |  36.4
      Orc:1 |    4956 |    2607 |  34.5 |      17 |       3 |  15.0
      Orc:2 |     668 |    7288 |  91.6 |       8 |      30 |  78.9
      Elf:1 |   17912 |    5248 |  22.7 |      34 |       9 |  20.9
      Elf:2 |   16819 |    3311 |  16.4 |      29 |       4 |  12.1
      Elf:3 |   20210 |   31158 |  60.7 |      31 |      27 |  46.6
   Vaults:1 |   23392 |   37905 |  61.8 |      35 |      37 |  51.4
   Vaults:2 |   32559 |   26304 |  44.7 |      45 |      33 |  42.3
   Vaults:3 |   22159 |   16396 |  42.5 |      30 |      23 |  43.4
   Vaults:4 |   32103 |   42567 |  57.0 |      41 |      45 |  52.3
   Vaults:5 |   16566 |   44143 |  72.7 |      30 |      39 |  56.5
    Crypt:1 |   16820 |       0 |   0.0 |      33 |       0 |   0.0
    Crypt:2 |   22686 |    8356 |  26.9 |      35 |      15 |  30.0
    Crypt:3 |       0 |   50876 | 100.0 |       0 |      79 | 100.0
   Depths:1 |   39162 |    1477 |   3.6 |      48 |       2 |   4.0
   Depths:2 |   26875 |   21603 |  44.6 |      35 |      12 |  25.5
   Depths:3 |   33096 |   41844 |  55.8 |      36 |      31 |  46.3
   Depths:4 |   21475 |   25768 |  54.5 |      16 |      16 |  50.0
       Hell |   20370 |   30720 |  60.1 |      32 |      53 |  62.4
      Geh:1 |   11429 |       0 |   0.0 |      12 |       0 |   0.0
      Geh:2 |   25224 |   16008 |  38.8 |      31 |      15 |  32.6
      Geh:3 |   14149 |   18928 |  57.2 |      14 |      14 |  50.0
      Geh:4 |    6689 |       0 |   0.0 |       5 |       0 |   0.0
      Geh:5 |   20191 |       0 |   0.0 |      15 |       0 |   0.0
      Geh:6 |   19231 |       0 |   0.0 |      13 |       0 |   0.0
      Geh:7 |    7664 |   53955 |  87.6 |       6 |      35 |  85.4
      Zot:1 |    9517 |   21869 |  69.7 |       6 |      13 |  68.4
      Zot:2 |   44789 |    9003 |  16.7 |      37 |       6 |  14.0
      Zot:3 |   23935 |    8749 |  26.8 |      23 |       9 |  28.1
      Zot:4 |   18694 |    3655 |  16.4 |      16 |       2 |  11.1
      Zot:5 |   11333 |       0 |   0.0 |       8 |       0 |   0.0
    Abyss:1 |   38368 |       0 |   0.0 |      57 |       0 |   0.0
    Abyss:2 |    1189 |       0 |   0.0 |       1 |       0 |   0.0
    Abyss:3 |   24972 |   15735 |  38.7 |      50 |      20 |  28.6
        Pan |  291483 |  219604 |  43.0 |     384 |     214 |  35.8
     Bailey |       0 |     311 | 100.0 |       0 |      24 | 100.0
     WizLab |       0 |   12217 | 100.0 |       0 |      18 | 100.0
 Desolation |       0 |   49378 | 100.0 |       0 |      97 | 100.0
   Gauntlet |       0 |    2467 | 100.0 |       0 |       8 | 100.0
            +---------+---------+-------+---------+---------+-------

Skill      XL: |  1  2  3  4  5  6  7  8  9 10 11 12 13 14 15 16 17 18 19 20 21 22 23 24 25 26 27 |
---------------+----------------------------------------------------------------------------------+-----
Fighting       | 4 5 6 9 12 13 14 16 21 22 23 26 | 26.9
Axes           | 3 4 5 6 8 10 11 14 16 17 18 20 25 | 25.0
Evocations     | 1 2 4 |  4.0
Armour         | 9 14 16 19 20 21 22 25 26 | 26.4
Dodging        | 7 8 14 20 | 20.0
Shields        | 10 13 14 16 20 | 20.0
Invocations    | 7 8 9 10 13 20 | 20.8
Shapeshifting  | 9 13 17 19 22 23 | 23.0

Action                     |  1- 3 |  4- 6 |  7- 9 | 10-12 | 13-15 | 16-18 | 19-21 | 22-24 | 25-27 || total
---------------------------+-------+-------+-------+-------+-------+-------+-------+-------+-------++-------
  Melee: War axe           |    57 |   146 |   294 |       |       |       |       |       |       ||   497
         Headbutt          |     7 |    27 |    50 |    24 |   220 |   289 |   572 |   566 |  1331 ||  3086
         Whip              |       |       |     7 |       |       |       |       |       |       ||     7
         Hand axe          |       |       |     2 |       |       |       |       |       |       ||     2
         Broad axe         |       |       |    17 |   142 |   944 |  1135 |  1986 |  1703 |  3901 ||  9828
  Throw: Dart              |       |       |     9 |       |       |       |       |       |       ||     9
 Invoke: Heroism           |       |       |       |     1 |     5 |    20 |     4 |       |       ||    30
         Finesse           |       |       |       |       |     4 |    10 |     3 |       |       ||    17
         Receive Weapon    |       |       |       |       |     1 |       |       |       |       ||     1
         Receive Armour    |       |       |       |       |     1 |       |       |       |       ||     1
         Greater Servant o |       |       |       |       |       |       |       |       |     8 ||     8
  Evoke: Wand              |       |     4 |     6 |     4 |       |     3 |     2 |       |     7 ||    26
         Phial of floods   |       |       |       |       |       |       |     1 |     1 |       ||     2
    Use: Scroll            |       |     4 |     9 |     8 |     7 |     6 |    17 |     8 |    30 ||    89
         Potion            |       |     2 |       |     2 |       |     7 |     4 |     3 |    18 ||    36
   Stab: Paralysed         |       |     2 |    12 |     2 |       |       |       |       |     1 ||    17
         Petrifying        |       |       |       |       |     2 |       |       |       |     1 ||     3
         Distracted        |       |       |       |       |       |     1 |       |     2 |     5 ||     8
         Invisible         |       |       |       |       |       |     9 |       |       |    13 ||    22
         Confused          |       |       |       |       |       |       |       |       |     1 ||     1
 Armour: Scale mail        |    20 |       |       |       |       |       |       |       |       ||    20
         Leather armour    |    15 |    79 |     3 |       |       |       |       |       |       ||    97
         Ring mail         |       |       |   166 |    74 |    92 |       |       |       |       ||   332
         Crystal plate arm |       |       |       |       |   331 |   664 |   899 |   958 |  1881 ||  4733
  Dodge: Dodged            |    25 |    64 |   116 |    84 |   240 |   475 |   426 |   222 |  1007 ||  2659
  Block: Buckler           |     9 |    26 |    91 |    68 |   165 |       |       |       |       ||   359
         Reflection        |       |       |     3 |     6 |    51 |    17 |   123 |    61 |    56 ||   317
         Kite shield       |       |       |       |       |   396 |  1095 |  1667 |  2060 |  3453 ||  8671
         Other             |       |       |       |       |     3 |       |       |       |       ||     3
   Form: Death             |       |       |       |       |       |       |       |     1 |     3 ||     4
                           |       |       |       |       |       |       |       |     1 |     2 ||     3

Illustrated notes

Table legend:
 A = Kills in this place as a percentage of kills in the entire game.
 B = Kills by you in this place as a percentage of kills by you in the entire game.
 C = Kills by friends in this place as a percentage of kills by friends in the entire game.
 D = Other kills in this place as a percentage of other kills in the entire game.
 E = Experience gained in this place as a percentage of experience gained in the entire game.
 F = Experience gained in this place divided by the number of levels of this place that you have seen.
                   A       B       C       D       E      F
               +-------+-------+-------+-------+-------+----------------------
         Total | 100.0 | 100.0 | 100.0 | 100.0 | 100.0 | 19206.3
       Dungeon |  12.9 |  12.9 |   0.0 |   5.3 |   2.9 | 4085.1
          Lair |   6.7 |   6.8 |   0.0 |   0.0 |   2.8 | 11919.0
         Swamp |   2.9 |   2.9 |   0.0 |  10.5 |   2.4 | 12770.2
   Spider Nest |   6.4 |   6.4 |   0.0 |   0.0 |   4.1 | 21559.5
    Slime Pits |   3.4 |   3.5 |   0.0 |   0.0 |   3.3 | 13832.2
  Orcish Mines |   1.8 |   1.8 |   0.0 |   5.3 |   0.7 | 7759.5
   Elven Halls |   4.2 |   4.2 |   0.0 |  10.5 |   4.5 | 31552.7
        Vaults |  11.3 |  11.4 |   0.0 |   0.0 |  14.0 | 58818.8
         Crypt |   5.1 |   5.1 |   0.0 |   0.0 |   4.7 | 32912.7
        Depths |   6.2 |   6.2 |   0.0 |   0.0 |  10.1 | 52825.0
          Hell |   2.7 |   2.7 |   0.0 |   0.0 |   2.4 | 51090.0
       Gehenna |   5.0 |   5.0 |   0.0 |  15.8 |   9.2 | 27638.3
           Zot |   3.8 |   3.8 |   0.0 |   5.3 |   7.2 | 30308.8
         Abyss |   4.0 |   4.1 |   0.0 |   0.0 |   3.8 | 16052.8
   Pandemonium |  18.9 |  18.6 | 100.0 |  47.4 |  24.4 | 14602.5
        Bailey |   0.8 |   0.8 |   0.0 |   0.0 |   0.0 | 311.0
        Wizlab |   0.6 |   0.6 |   0.0 |   0.0 |   0.6 | 12217.0
    Desolation |   3.1 |   3.1 |   0.0 |   0.0 |   2.4 | 49378.0
      Gauntlet |   0.3 |   0.3 |   0.0 |   0.0 |   0.1 | 2467.0
               +-------+-------+-------+-------+-------+----------------------

Table legend: (Time is in decaauts)
 A = Elapsed time spent in this place.
 B = Non-inter-level travel time spent in this place.
 C = Inter-level travel time spent in this place.
 D = Time resting spent in this place.
 E = Time spent auto-exploring this place.
 F = Levels seen in this place.
 G = Mean time per level.
                   A        B        C        D        E       F      G
               +--------+--------+--------+--------+--------+-----+--------+
         Total |  65194 |  59751 |   5443 |  10295 |  30206 | 109 |  598.1 |
       Dungeon |  16577 |  14735 |   1842 |   2422 |   9804 |  15 | 1105.1 |
        Temple |      1 |      1 |      0 |      0 |      0 |   1 |    1.0 |
          Lair |   2667 |   2157 |    510 |    159 |    483 |   5 |  533.4 |
         Swamp |   1757 |   1603 |    154 |    364 |    236 |   4 |  439.2 |
   Spider Nest |   2312 |   2140 |    172 |    524 |    427 |   4 |  578.0 |
    Slime Pits |    498 |    452 |     46 |    100 |      0 |   5 |   99.6 |
  Orcish Mines |   1205 |   1082 |    123 |    232 |    650 |   2 |  602.5 |
   Elven Halls |   4807 |   4624 |    183 |   1044 |   2284 |   3 | 1602.3 |
        Vaults |   8125 |   7019 |   1106 |    644 |   4734 |   5 | 1625.0 |
         Crypt |   2596 |   2386 |    210 |    141 |   1540 |   3 |  865.3 |
        Depths |   5433 |   4651 |    782 |    441 |   3007 |   4 | 1358.2 |
          Hell |    627 |    608 |     19 |      0 |    364 |   1 |  627.0 |
       Gehenna |   1869 |   1852 |     17 |    137 |    640 |   7 |  267.0 |
           Zot |   5286 |   5012 |    274 |   1725 |   2380 |   5 | 1057.2 |
         Abyss |   1358 |   1358 |      0 |    213 |    360 |   5 |  271.6 |
   Pandemonium |   7427 |   7427 |      0 |   1323 |   2558 |  35 |  212.2 |
        Bazaar |     41 |     41 |      0 |      0 |      0 |   1 |   41.0 |
        Bailey |    338 |    338 |      0 |      0 |    237 |   1 |  338.0 |
        Wizlab |    582 |    582 |      0 |    330 |    121 |   1 |  582.0 |
    Desolation |   1368 |   1368 |      0 |    491 |    226 |   1 | 1368.0 |
      Gauntlet |    312 |    312 |      0 |      0 |    155 |   1 |  312.0 |
               +--------+--------+--------+--------+--------+-----+--------+

Top non-repeatable levels by time:
   Elf:3: 2236 daAuts
   Zot:2: 1860 daAuts
Vaults:1: 1806 daAuts
Depths:3: 1783 daAuts
Vaults:2: 1705 daAuts
     D:7: 1664 daAuts
Vaults:4: 1632 daAuts
     D:5: 1611 daAuts
   Elf:1: 1592 daAuts
Vaults:3: 1509 daAuts
     D:6: 1474 daAuts
Vaults:5: 1470 daAuts
Depths:2: 1468 daAuts
   Zot:4: 1382 daAuts
    D:13: 1373 daAuts
